 Dungeon Crawl Stone Soup version 0.21-a0-1-gaf3b9a5 (webtiles) character file.

1098445 glosham the Sorcerer (level 27, -4/228 HPs)
             Began as a Mummy Abyssal Knight on Aug 25, 2016.
             Was a High Priest of Lugonu.
             Killed from afar by a hellion (34 damage)
             ... with damnation
             ... on level 7 of Gehenna on May 21, 2017.
             The game lasted 1 day 12:27:49 (94194 turns).

glosham the Sorcerer (Mummy Abyssal Knight)    Turns: 94194, Time: 1 , 12:27:50

Health: -4/228     AC: 34    Str: 16    XL:     27
Magic:  45/55      EV: 26    Int: 32    God:    Lugonu [*****.]
Gold:   6833       SH:  0    Dex: 15    Spells: 9/71 levels left

rFire    + . .     SeeInvis .   a - +6 Majin-Bo {vamp, Archmagi MP+6 Int+6}
rCold    . . .     Gourm    .   (shield currently unavailable)
rNeg     + + +     Faith    .   X - +8 fire dragon scales
rPois    ∞         Spirit   .   U - +2 helmet {Int+3}
rElec    .         Reflect  .   Y - +2 cloak {MR+}
rCorr    .         Harm     .   V - +2 pair of gloves
MR       ++++.                  W - +2 pair of boots {run}
Stlth    +++.......             z - amulet of magic regeneration
Regen    0.5/turn               A - ring of Phasing {EV+8}
MPRegen  0.6/turn               M - ring of Tyazuizu {Wiz +Inv Int+3}

@: deflect missiles, quick
A: no food or potions, fire vulnerability, cold resistance 1, negative energy
resistance 3, torment resistance, unbreathing, in touch with death 2
}: 14/15 runes: decaying, slimy, silver, golden, iron, icy, bone, abyssal,
demonic, glowing, magical, fiery, dark, gossamer
a: Depart the Abyss, Bend Space, Banish, Corrupt, Enter the Abyss, Renounce
Religion, Evoke Invisibility


You were on level 7 of Gehenna.
You worshipped Lugonu.
Lugonu was extremely pleased with you.
You were not hungry.

You visited 17 branches of the dungeon, and saw 85 of its levels.
You visited Pandemonium 4 times, and saw 39 of its levels.
You visited the Abyss 12 times.
You visited 1 ziggurat, and saw 2 of its levels.
You also visited: Labyrinth, Sewer, Bailey and Ice Cave.

You collected 13248 gold pieces.
You spent 6415 gold pieces at shops.

Inventory:

Hand Weapons
 a - the +6 Majin-Bo (weapon) {vamp, Archmagi MP+6 Int+6}
   (You found it on level 3 of the Tomb of the Ancients)

   It inflicts no extra harm, but heals its wielder when it wounds a living foe.
   It affects your intelligence (+6).
   It affects your magic capacity (+6).
 b - a +9 vampiric lajatang
 c - a +3 lajatang of electrocution
 d - a +5 lajatang of distortion
 e - the +7 great mace "Firestarter" {inner flame, rF++}
   (You took it off a deep elf death mage on level 3 of the Elven Halls)

   It has been specially enchanted to burn those struck by it, causing extra
   injury to most foes and up to half again as much damage against particularly
   susceptible opponents.
   It greatly protects you from fire.
 f - the +8 lajatang of Umaph {drain, +Fly MR+++ Str-4 Stlth+}
   (You took it off a deep elf high priest on level 5 of the Vaults)

   A truly terrible weapon, it drains the life of those it strikes.
   It affects your strength (-4).
   It affects your resistance to hostile enchantments.
   It lets you fly.
   It makes you more stealthy.
Armour
 R - a +2 troll leather armour
 U - a +2 helmet of intelligence (worn)
 V - a +2 pair of gloves (worn)
 W - a +2 pair of boots of running (worn)
 X - +8 fire dragon scales (worn)
 Y - a +2 cloak of magic resistance (worn)
Magical Staves
 v - an uncursed staff of death
 w - an uncursed staff of energy {!a}
Jewellery
 z - an amulet of magic regeneration (around neck)
 A - the ring of Phasing (left hand) {EV+8}
   (You took it off a deep elf high priest on level 3 of the Elven Halls)

   [ring of evasion]

   It affects your evasion (+8).
 B - a +5 ring of slaying
 C - an uncursed ring of protection from cold
 I - the ring of Beogh's Castigation {rElec rN+ Str+3 SInv}
   (You found it in a labyrinth)

   [ring of see invisible]

   It affects your strength (+3).
   It insulates you from electricity.
   It protects you from negative energy.
   It lets you see invisible.
 M - the ring of Tyazuizu (right hand) {Wiz +Inv Int+3}
   (You found it in an ice cave)

   [ring of wizardry]

   It improves your spell success rate.
   It affects your intelligence (+3).
   It lets you turn invisible.
 N - the ring "Wollatai" {MR+ Stlth+}
   (You bought it in a shop on level 8 of the Dungeon)

   [ring of stealth]

   It affects your resistance to hostile enchantments.
   It makes you more stealthy.
 Q - an uncursed ring of resist corrosion
 S - the ring "Risoss Gupty" {rF+ rN+}
   (You took it off an efreet in Pandemonium)

   [ring of positive energy]

   It protects you from fire.
   It protects you from negative energy.
Wands
 i - a wand of digging (13/24)
 j - a wand of disintegration (13/24)
 D - a wand of paralysis (1/24)
 F - a wand of paralysis (11/24)
Scrolls
 k - 5 scrolls of teleportation
 l - 3 scrolls of blinking
 m - 8 scrolls of fog
 n - 3 scrolls of fear
 o - 32 scrolls of remove curse
 p - 6 scrolls of identify
 q - 8 scrolls of recharging
 r - 3 scrolls of silence {!r}
 s - 5 scrolls of magic mapping
 t - 7 scrolls of vulnerability
 u - 5 scrolls of immolation
 E - 4 scrolls of amnesia
Miscellaneous
 x - a fan of gales
 y - 4 sacks of spiders
 G - the horn of Geryon


   Skills:
 - Level 21.1 Fighting
   Level 2.3 Axes
 - Level 14.0 Staves
 - Level 12.0 Armour
 - Level 15.5 Dodging
 - Level 10.6 Stealth
 * Level 22.7 Spellcasting
 * Level 18.4 Conjurations
 - Level 6.0 Charms
 - Level 11.5 Summonings
 - Level 17.0 Necromancy
 - Level 8.1 Translocations
 - Level 1.0 Transmutations
 - Level 5.0 Air Magic
 * Level 15.1 Earth Magic
 - Level 13.1 Invocations
 - Level 9.8 Evocations


You had 9 spell levels left.
You knew the following spells:

 Your Spells              Type           Power        Failure   Level  Hunger
a - Apportation           Tloc           ######       1%          1    N/A
b - Blink                 Tloc           N/A          1%          2    N/A
c - Spellforged Servitor  Conj/Summ      ########..   1%          7    N/A
d - Deflect Missiles      Chrm/Air       #######...   16%         6    N/A
e - Cigotuvi's Embrace    Necr           #########.   1%          5    N/A
g - Passage of Golubria   Tloc           N/A          1%          4    N/A
j - Aura of Abjuration    Summ           ########..   1%          5    N/A
u - Dispel Undead         Necr           ########     1%          5    N/A
v - Vampiric Draining     Necr           #########.   0%          3    N/A
w - Passwall              Tmut/Erth      #######...   1%          2    N/A
x - Lehudib's Crystal Sp  Conj/Erth      ########..   8%          8    N/A
B - Summon Butterflies    Summ           ########     0%          1    N/A
C - Shadow Creatures      Summ           N/A          1%          6    N/A
U - Control Undead        Necr           #########.   1%          4    N/A
W - Spectral Weapon       Hex/Chrm       ######..     1%          3    N/A

Dungeon Overview and Level Annotations

Branches:
Dungeon (15/15)            Temple (1/1) D:7            Lair (6/6) D:11
  Swamp (4/4) Lair:4       Spider (4/4) Lair:2        Slime (5/5) Lair:6
    Orc (2/2) D:12            Elf (3/3) Orc:2        Vaults (5/5) D:13
  Crypt (3/3) Vaults:2       Tomb (3/3) Crypt:3      Depths (5/5) D:15
   Hell (1/1)                 Dis (7/7) Hell            Geh (7/7) Hell
    Coc (7/7) Hell            Tar (7/7) Hell            Zot (0/5) Depths:5

Altars:
Ashenzari
Cheibriados
Dithmenos
Elyvilon
Fedhas
Gozag
Hepliaklqana
Kikubaaqudgha
Makhleb
Nemelex Xobeh
Okawaru
Qazlal
Ru
Sif Muna
Trog
Uskayaw
Vehumet
Xom
Yredelemnul
Zin
The Shining One
Beogh

Shops:
D:8 =   D:12 ([   D:14 ((   Orc:2 :**[*   Elf:2 [*}[*   Elf:3 !   Vaults:2 ?
Vaults:3 *   Depths:1 (

Portals:
Hell: Depths:1 Depths:2 Depths:3 Depths:4 Depths:5
Abyss: Depths:2 Depths:4 Depths:5
Pandemonium: Orc:2 Depths:3 Depths:5
Ziggurat: Depths:5
Trove: Depths:1 (give +6 demon trident)

Annotations:
Depths:3 corrupted
Dis:7 Dispater
Geh:7 Serpent of
Hell
Coc:7 Antaeus
Abyss:1 Ereshkigal


Innate Abilities, Weirdness & Mutations

You do not eat or drink.
Your flesh is vulnerable to fire.
You are immune to poison.
Your flesh is cold resistant. (rC+)
You are immune to negative energy. (rN+++)
You are immune to unholy pain and torment.
You can survive without breathing.
You are strongly in touch with the powers of death.


Message History

Nothing appears to happen.
What are your orders? t - Shout!
Orders for allies: a - Attack new target. r - Retreat! s - Stop attacking. g - Guard the area. f - Follow me.
Anything else - Cancel.
Follow me!
You channel some magical energy.
A hellion comes into view.
You close the door.
What are your orders? t - Shout!
Orders for allies: a - Attack new target. r - Retreat! s - Stop attacking. g - Guard the area. f - Follow me.
Anything else - Cancel.
Guard this area!
Nothing appears to happen.
Unknown command.
You feel a darkness envelop your magic.
a - the +6 Majin-Bo (weapon)
{vamp, Archmagi MP+6 Int+6} The hellion gestures at you.
The sphere of damnation explodes!
The damnation engulfs you!
* * * LOW HITPOINT WARNING * * *
The damnation engulfs your spellforged servitor.
You hear a shout!
What are your orders? t - Shout!
Orders for allies: a - Attack new target. r - Retreat! s - Stop attacking. g - Guard the area. f - Follow me.
Anything else - Cancel.
Gang up on whom?
Press: ? - help, Dir - move target cursor, f - hellion
Aim: a hellion Attack!
The hellion gestures at you.
The sphere of damnation explodes!
The damnation engulfs you!
You die...

≈≈≈≈≈,,,*,,,,,#....#,,,,,,,,,*...
≈≈≈≈≈≈,,*,,,,,#..2.###,,,,,*##...
≈≈≈≈≈≈,.#*,,,##......#######.....
≈≈≈≈≈≈,..#####...................
≈≈≈≈≈≈≈......''2....)..§.........
≈≈≈≈≈≈≈≈......''$.............1##
≈≈≈≈≈≈≈§≈......'..#####....#####,
≈≈≈≈≈≈≈§.§....8.+##,,,######,,,,,
≈≈≈≈≈≈≈§§§§.....@#,,,,,**,,,,****
≈≈≈≈≈≈≈§≈§§......#,,,,,+,,****,,,
≈≈≈≈≈≈≈§≈§≈......#,,,,,**#*,,,,,,
≈≈≈≈≈≈≈≈§..§.....##,,,**..,,,,,,,
≈≈≈≈≈≈≈≈≈≈≈.......#####...,,,,,,,
≈≈≈≈§≈§≈≈≈≈§§§............,,,,,,,
≈≈≈≈§§≈≈≈§≈≈≈.≈.≈.........,,,,,,,
.≈≈≈§§§≈≈§§≈≈§§..........§,,,,,≈,
≈≈≈§≈≈≈≈≈≈≈§≈≈≈≈≈≈..§§§§≈.,,,,≈≈,


You could see a hellion and a friendly spellforged servitor.

Vanquished Creatures
  the Royal Jelly (Slime:5)
  Khufu (Crypt:3)
  Mara (Tomb:2)
  3 ancient liches
  2 juggernauts
  11 greater mummies
  Boris (twice) (Crypt:1 Tomb:1)
  2 shard shrikes
  Bai Suzhen (Swamp:4)
  2 caustic shrikes
  3 golden dragons
  A profane servitor (Crypt:3)
  Nikola (Vaults:2)
  3 bone dragons
  the Enchantress (Depths:2)
  7 Tzitzimimeh
  3 Brimstone Fiends
  3 doom hounds
  4 tentacled monstrosities
  Rupert (Lair:4)
  Jorgrun (Vaults:2)
  An Ice Fiend (Coc:7)
  3 Hell Sentinels
  A deep elf master archer (Elf:3)
  3 titans
  4 pandemonium lords (Pan)
  5 quicksilver dragons
  3 deep elf blademasters
  10 liches
  23 acid blobs
  Frances (Elf:1)
  8 tentacled starspawn
  An acid blob (shapeshifter) (Vaults:3)
  10 sphinxes
  An Executioner (Pan)
  6 ancient champions
  4 tengu reavers
  Donald (Orc:2)
  2 shadow dragons (Vaults:5)
  6 revenants
  Roxanne (Swamp:3)
  12 azure jellies
  12 frost giants
  A daeva (Pan)
  4 storm dragons
  4 deep elf sorcerers
  A draconian knight (Depths:5)
  A corrupter (Pan)
  2 ghost moths (Spider:4)
  6 emperor scorpions
  15 fire giants
  3 balrugs
  15 vault wardens
  3 iron dragons
  4 curse skulls
  A caustic shrike zombie (Depths:4)
  An angel (Pan)
  Louise (D:15)
  10 cacodemons (Pan)
  8 spriggan defenders
  6 deep elf elementalists
  17 ironheart preservers
  A juggernaut skeleton (Crypt:1)
  3 war gargoyles
  15 ghouls
  37 very ugly things
  A draconian annihilator (Depths:5)
  8 bennus
  26 stone giants
  3 black suns (Pan)
  5 reapers
  Nessos (Abyss:1)
  10 deep elf demonologists
  13 lorocyprocas
  6 vampire knights
  An apis (Pan)
  2 pale draconians (Depths:5)
  A dire elephant (Lair:6)
  2 purple draconians (Depths:5)
  2 red draconians (Depths:5)
  2 removed
  MONS_MOTTLED_DRACONIANs (Depths:5)
  12 deep elf annihilators
  4 spark wasps
  8 deep elf death magi
  9 ettins
  10 jiangshi
  12 eidola
  A green death (Pan)
  16 fire dragons
  8 death oozes (Slime:5)
  19 mummy priests
  18 yaktaur captains
  A minotaur (Lab)
  5 deep elf high priests
  18 great orbs of eyes
  9 rakshasas
  Erolcha (D:9)
  9 ice dragons
  24 hydras
  28 vault guards
  A quicksilver dragon skeleton (Tomb:3)
  9 centaur warriors
  6 spriggan air magi
  A ghost crab (shapeshifter) (Vaults:5)
  14 death knights
  Erica (D:8)
  2 ghost crabs
  3 catoblepae
  A hell beast (Pan)
  11 alligators
  A satyr (Abyss:4)
  A merfolk avatar (Lair:6)
  10 deep troll shamans
  36 death scarabs
  8 ogre magi
  6 deep troll earth magi
  2 tengu warriors
  8 vampire magi
  The ghost of Gruud the Carver, a journeyman DsGl of Okawaru (D:12)
  33 dancing weapons
  2 titan zombies
  5 death yaks (Lair:6)
  8 spriggan berserkers
  Urug (D:11)
  4 hell hogs
  6 orc high priests
  4 thrashing horrors
  3 soul eaters
  30 deep elf knights
  Sonja (Lair:4)
  6 sixfirhies
  2 wretched stars
  3 sun demons
  3 iron trolls
  52 skeletal warriors
  A titan skeleton (Pan)
  7 hell knights
  12 shadow wraiths
  2 storm dragon zombies
  A hellephant skeleton (Crypt:2)
  A ghost moth zombie (Crypt:3)
  2 infernal demonspawn (Orc:2)
  A spatial maelstrom (Abyss:4)
  A storm dragon skeleton (Abyss:5)
  2 glowing orange brains
  A cherub (Pan)
  3 wizards
  A golden dragon zombie (Geh:7)
  2 anaconda zombies
  An orange crystal statue (Zig:1)
  Pikel (D:6)
  29 deep trolls
  4 unseen horrors
  11 flayed ghosts
  2 spriggan druids (Swamp:4)
  11 swamp dragons
  A tengu zombie (Vaults:1)
  A gelid demonspawn (Orc:2)
  7 shadow demons
  2 glowing orange brains (shapeshifter)
  An unseen horror (shapeshifter) (Vaults:3)
  2 torturous demonspawn (Pan)
  28 phantasmal warriors
  7 removed MONS_HILL_GIANTs
  A shambling mangrove (Abyss:1)
  13 deep elf archers
  20 ironbrand convokers
  3 harpies (Vaults:4)
  20 wolf spiders
  6 orb spiders (Spider:4)
  3 wolf spider zombies
  2 anaconda skeletons
  3 shadow dragon zombies
  An oklob plant (Elf:2)
  11 necromancers
  10 orc sorcerers
  A mana viper (shapeshifter) (Vaults:3)
  2 shining eyes
  46 ugly things
  3 frost giant zombies
  7 hornets
  A shining eye (shapeshifter) (Abyss:5)
  2 iron dragon zombies
  19 orc knights
  2 tengu skeletons
  3 fire giant zombies
  3 removed MONS_GRIFFONs
  3 manticores
  2 shadow dragon skeletons
  A stone giant zombie (Crypt:3)
  77 deep elf magi
  2 centaur zombies
  A hornet (shapeshifter) (Depths:4)
  11 cyclopes
  13 elephants
  3 rust devils
  Maurice (D:8)
  A guardian serpent (Abyss:4)
  A moth of wrath (Spider:1)
  3 eyes of devastation (Slime:5)
  2 orange demons (Pan)
  Psyche (D:9)
  2 apocalypse crabs (Abyss:4)
  15 vault sentinels
  A guardian serpent (shapeshifter) (Depths:1)
  A gargoyle (D:12)
  2 naga magi (D:15)
  A storm dragon simulacrum (Depths:2)
  5 black mambas
  2 torpor snails (shapeshifter)
  6 smoke demons
  An emperor scorpion zombie (Crypt:3)
  2 dire elephant skeletons
  3 kobold demonologists
  A rime drake (shapeshifter) (Abyss:4)
  22 spiny frogs
  46 yaktaurs
  A catoblepas zombie (Tomb:2)
  4 efreet
  5 hellions
  5 rime drakes
  A swamp worm zombie (Crypt:2)
  2 tormentors
  7 demonic crawlers
  An anaconda simulacrum (IceCv)
  11 freezing wraiths
  A golden dragon simulacrum (IceCv)
  34 guardian mummies
  4 tengu conjurers
  13 komodo dragons
  A hellwing (Abyss:1)
  2 silent spectres
  5 ice devils
  A catoblepas skeleton (Crypt:2)
  11 jumping spiders
  8 ancient zymes
  2 red devils
  3 polar bears (Lair:6)
  7 trolls
  A wind drake (shapeshifter) (Depths:3)
  A jumping spider (shapeshifter) (Vaults:4)
  3 human skeletons
  A troll (shapeshifter) (Vaults:4)
  7 tyrant leeches
  A two-headed ogre (shapeshifter) (Vaults:4)
  17 two-headed ogres
  2 harpy zombies
  3 ice dragon zombies
  11 bog bodies
  A stone giant simulacrum (Abyss:5)
  2 wind drakes (Lair:6)
  6 removed MONS_BOULDER_BEETLEs
  108 slime creatures
  12 raiju
  33 blink frogs
  A fire dragon zombie (Tomb:1)
  2 raiju (shapeshifter)
  2 ettin zombies
  A frost giant simulacrum (Depths:2)
  A fire giant simulacrum (Vaults:2)
  An alligator zombie (Coc:7)
  42 flying skulls
  An ice dragon skeleton (Geh:6)
  A fire dragon skeleton (Pan)
  Sigmund (D:3)
  A black mamba zombie (Tar:6)
  8 shadows
  4 centaur simulacra
  18 redbacks
  4 vampires
  2 alligator skeletons
  4 water elementals
  8 air elementals
  3 wyverns (Lair:6)
  20 ushabtiu
  11 spriggans
  9 tarantellas
  12 ynoxinuls
  2 humans (shapeshifter)
  2 fire bats (Abyss:1)
  15 wraiths
  2 dire elephant simulacra (IceCv)
  2 basilisks
  A fire bat (shapeshifter) (Abyss:4)
  41 yaks
  7 hungry ghosts
  16 humans
  6 golden eyes (Slime:5)
  4 fire elementals
  9 hippogriffs
  4 neqoxecs
  A wind drake skeleton (Crypt:1)
  4 steam dragons
  36 vampire mosquitoes
  A death yak simulacrum (IceCv)
  A hippogriff (shapeshifter) (Vaults:1)
  4 chaos spawn
  25 small abominations
  A yaktaur simulacrum (Vaults:4)
  Grum (D:8)
  14 insubstantial wisps
  4 human simulacra
  7 wargs
  17 swamp worms
  2 soldier ants
  5 acid dragons
  2 iron troll simulacra (IceCv)
  2 harpy simulacra (IceCv)
  A soldier ant (shapeshifter) (D:15)
  7 hell hounds
  A removed MONS_PUTRID_DEMONSPAWN zombie (Crypt:1)
  11 water moccasins
  21 large abominations
  4 hydra simulacra (IceCv)
  8 porcupines
  3 spiny frog zombies
  60 orc warriors
  An ogre skeleton (Vaults:1)
  4 ice beasts
  3 snapping turtle zombies
  15 swamp drakes
  5 ettin simulacra
  2 spiny frog skeletons
  5 phantoms
  7 sky beasts
  2 alligator simulacra (IceCv)
  19 necrophages
  5 human zombies
  A manticore zombie (Crypt:3)
  4 boggarts
  An elephant zombie (Crypt:1)
  4 eyes of draining
  3 black bears
  23 removed MONS_WASPs
  2 swamp dragon zombies (Crypt:3)
  22 centaurs
  51 ogres
  A tengu (shapeshifter) (Vaults:5)
  An elf skeleton (Vaults:4)
  24 wolves
  10 crocodiles
  6 big kobolds
  A bullfrog (shapeshifter) (Abyss:4)
  18 bullfrogs
  3 earth elementals
  A wyvern zombie (D:14)
  8 wyvern skeletons
  A scorpion (D:13)
  A polar bear zombie (Crypt:2)
  5 killer bees (D:7)
  A killer bee (shapeshifter) (Abyss:4)
  23 wights
  A spriggan skeleton (Crypt:2)
  6 howler monkeys
  5 electric eels
  7 crimson imps
  5 lava snakes (Lair:3)
  9 hounds
  7 jellies
  2 quasits
  11 starcursed masses
  2 bullfrog zombies
  4 centaur skeletons
  2 iron imps
  34 orc priests
  4 bullfrog skeletons
  24 orc wizards
  4 iguanas
  A spriggan simulacrum (IceCv)
  5 troll simulacra (IceCv)
  17 worker ants
  2 polar bear simulacra (IceCv)
  A wolf simulacrum (IceCv)
  12 removed MONS_SHEEPs
  A deep dwarf skeleton (Crypt:1)
  A hound zombie (D:7)
  2 hound skeletons
  59 mummies
  5 worker ant zombies
  2 adders (shapeshifter) (Abyss:4)
  A gnoll (shapeshifter) (Abyss:4)
  A howler monkey skeleton (D:8)
  2 naga simulacra (IceCv)
  13 adders
  16 gnolls
  An ogre simulacrum (IceCv)
  35 river rats
  6 shadow imps
  11 white imps
  8 ufetubi
  7 oozes
  An adder skeleton (D:6)
  A lava snake skeleton (Crypt:2)
  8 worms
  2 dart slugs (D:1)
  9 leopard geckos
  A leopard gecko (shapeshifter) (Abyss:4)
  123 orcs
  9 giant cockroaches
  17 goblins
  10 hobgoblins
  24 jackals
  A jackal (shapeshifter) (Vaults:5)
  7 quokkas
  A ball python (shapeshifter) (Abyss:4)
  A ball python (D:5)
  16 bats
  6 frilled lizards
  A hobgoblin skeleton (Crypt:2)
  49 kobolds
  A quokka zombie (D:9)
  4 rats
  A river rat skeleton (Crypt:2)
  A lurking horror (Abyss:4)
  A plant (Lair:2)
  A withered plant (Crypt:3)
3234 creatures vanquished.

Vanquished Creatures (collateral kills)
  Cerebov (Pan)
  Gloorx Vloq (Pan)
  Mnoleg (Pan)
  Lom Lobon (Pan)
  2 greater mummies (Tomb:3)
  3 shard shrikes
  Geryon (Hell)
  A pandemonium lord (Pan)
  4 bone dragons
  13 Tzitzimimeh
  5 Brimstone Fiends
  2 doom hounds
  3 liches
  5 Ice Fiends
  3 tentacled monstrosities (Pan)
  A quicksilver dragon (Depths:3)
  2 ancient champions (Hell)
  3 tentacled starspawn (Abyss:1)
  24 Executioners
  7 shadow dragons (Tar:7)
  A frost giant (Depths:2)
  4 corrupters (Pan)
  2 daevas (Pan)
  5 blood saints (Pan)
  18 balrugs
  3 warmongers (Pan)
  15 cacodemons
  2 curse skulls (Pan)
  11 angels (Pan)
  7 war gargoyles
  A draconian annihilator (Pan)
  21 reapers
  4 very ugly things
  2 vampire knights (Tar:7)
  4 black suns (Pan)
  10 apis (Pan)
  4 ophanim (Pan)
  A stone giant (Depths:2)
  A spriggan defender (Depths:3)
  A lorocyproca (Pan)
  A deep elf annihilator (Pan)
  2 ettins (Depths:2)
  2 fire dragons
  15 green deaths (Pan)
  12 blizzard demons
  3 jiangshi
  2 mummy priests
  A kraken zombie (Coc:1)
  A quicksilver dragon zombie (Tar:4)
  A rakshasa (Depths:2)
  6 ice dragons
  A quicksilver dragon skeleton (Tar:6)
  A hell beast (Pan)
  A spriggan air mage (Depths:2)
  A ghost crab (Tar:2)
  4 monstrous demonspawn (Pan)
  A deep troll earth mage (Depths:2)
  2 ogre magi (Depths:2)
  3 death scarabs (Tomb:2)
  A deep troll shaman (Depths:2)
  A vampire mage (Tar:4)
  6 hell hogs (Geh:3)
  A tengu warrior (Depths:1)
  A storm dragon zombie (Tar:7)
  3 titan zombies
  3 iron golems
  13 soul eaters
  39 sun demons
  A shadow wraith (Pan)
  2 titan skeletons
  4 hell knights (Geh:7)
  38 sixfirhies
  2 death drakes
  2 deep trolls
  2 storm dragon skeletons
  36 skeletal warriors
  5 infernal demonspawn (Pan)
  3 wizards
  6 torturous demonspawn (Pan)
  3 cherubim (Pan)
  An anaconda zombie (Hell)
  16 gelid demonspawn (Pan)
  14 shadow demons
  5 flayed ghosts
  A golden dragon skeleton (Coc:5)
  4 phantasmal warriors
  2 necromancers
  An anaconda skeleton (Hell)
  A fire giant zombie (Tar:3)
  5 ugly things
  A stone giant zombie (Tar:6)
  A shining eye (Pan)
  3 iron dragon skeletons
  An ice statue (Hell)
  A fire giant skeleton (Coc:7)
  5 frost giant skeletons
  An apocalypse crab (Abyss:4)
  8 rust devils
  41 orange demons (Pan)
  A stone giant skeleton (Hell)
  5 molten gargoyles (Geh:7)
  30 smoke demons
  6 hellions
  An emperor scorpion zombie (Dis:7)
  4 freezing wraiths
  3 yaktaurs
  18 tormentors
  13 demonic crawlers
  19 hellwings (Pan)
  4 efreet (Pan)
  4 hydra zombies
  3 ancient zymes
  4 guardian mummies
  21 ice devils
  A tengu conjurer (Depths:2)
  20 red devils
  2 hydra skeletons (Hell)
  27 large abominations
  6 ettin zombies
  A bog body (Coc:7)
  2 two-headed ogres
  4 alligator zombies
  An ice dragon zombie (Tar:7)
  A slime creature (Depths:1)
  5 air elementals
  7 shadows
  An ettin skeleton (Tar:7)
  18 flying skulls
  28 ynoxinuls (Pan)
  6 water elementals
  6 wraiths
  A fire dragon skeleton (Tar:4)
  An alligator skeleton (Coc:2)
  A yak (shapeshifter) (Depths:2)
  A black mamba skeleton (Tar:7)
  8 ushabtiu
  3 fire bats
  7 fire elementals
  11 chaos spawn
  21 neqoxecs
  2 hungry ghosts (Tar:6)
  2 small abominations
  25 hell hounds
  A spiny frog zombie (Coc:1)
  A merfolk skeleton (Tar:2)
  An alligator simulacrum (Coc:7)
  A phantom (Tar:6)
  3 ice beasts
  6 necrophages
  2 ogres (Depths:2)
  A manticore zombie (Coc:1)
  2 snapping turtle skeletons
  An elf zombie (Tomb:2)
  3 spiny frog simulacra
  15 wights
  5 crimson imps
  2 quasits
  7 iron imps
  A jelly (Abyss:1)
  3 mummies
  6 shadow imps
  6 white imps
  An ufetubus (Abyss:1)
  A ball lightning (Pan)
  5 starspawn tentacles
973 creatures vanquished.

Vanquished Creatures (others)
  Mennas (Depths:3)
  An eldritch tentacle (Pan)
  4 thorn hunters
  A balrug (Pan)
  An angel (Pan)
  A blood saint (Pan)
  An ice dragon (Depths:3)
  A hell beast (Pan)
  A hydra (Swamp:2)
  2 ghost crabs
  A hell hog (Geh:3)
  14 death scarabs (Tomb:2)
  A thrashing horror (Abyss:4)
  A soul eater (Orc:2)
  A hell knight (Geh:7)
  A sun demon (Orc:2)
  A sixfirhy (Depths:3)
  A deep troll (Depths:4)
  3 wizards (Pan)
  A sea snake (Lair:6)
  A shambling mangrove (Swamp:1)
  A harpy (Lair:6)
  An orc knight (Vaults:1)
  A wolf spider zombie (Geh:7)
  A deep elf mage (Depths:4)
  A cyclops (Orc:1)
  A smoke demon (Abyss:4)
  2 molten gargoyles (Lair:3)
  A centaur zombie (D:15)
  A gargoyle (D:12)
  A spiny frog (Swamp:4)
  A hellion (Geh:7)
  2 ice devils
  A demonic crawler (Pan)
  A hellwing (Pan)
  A silent spectre (Tar:6)
  A wind drake (Lair:6)
  A harpy skeleton (Pan)
  5 flying skulls (Tomb:1)
  A ynoxinul (Pan)
  3 water elementals (Depths:3)
  2 golden eyes (Abyss:4)
  2 neqoxecs
  5 hell hounds
  A spiny frog zombie (Geh:7)
  2 slaves
  A removed MONS_WASP (Swamp:4)
  A necrophage (Geh:1)
  2 wights
  A crimson imp (D:6)
  2 mummies (Tomb:2)
  7 ball lightnings (Pan)
  2 jackals (D:6)
  A block of ice (Pan)
  3 fungi (Lair:1)
  2 lurking horrors
  16 plants
  45 starspawn tentacles
  17 tentacles (Coc:1)
  25 withered plants (Crypt:3)
205 creatures vanquished.

Grand Total: 4412 creatures vanquished

Notes
Turn   | Place    | Note
-------+----------+-------------------------------------------
     0 | Abyss:1  | glosham the Mummy Abyssal Knight began the quest for the Orb.
     0 | Abyss:1  | Reached XP level 1. HP: 18/18 MP: 2/2
    62 | Abyss:2  | Noticed a five-headed hydra zombie
    75 | Abyss:2  | Noticed an ancient zyme
    87 | Abyss:2  | Found a corrupted altar of Lugonu.
   115 | Abyss:2  | Noticed a stone giant zombie
   134 | Abyss:2  | Noticed a worldbinder
   136 | Abyss:2  | Noticed a yak
   136 | Abyss:2  | Noticed a yak
   136 | Abyss:2  | Noticed a blink frog
   143 | D:1      | Escaped the Abyss
   244 | D:1      | Reached skill level 2 in Axes
   319 | D:1      | Reached * piety under Lugonu
   320 | D:1      | Found a shattered altar of Ashenzari.
   383 | D:1      | Reached XP level 2. HP: 20/24 MP: 3/3
   693 | D:1      | Learned a level 2 spell: Corpse Rot
   696 | D:1      | Reached skill level 1 in Spellcasting
   787 | D:2      | Reached skill level 1 in Necromancy
   910 | D:2      | Reached XP level 3. HP: 29/29 MP: 4/4
  1654 | D:2      | Reached skill level 2 in Necromancy
  1668 | D:2      | Reached ** piety under Lugonu
  1668 | D:2      | Reached XP level 4. HP: 31/35 MP: 3/6
  1899 | D:3      | Noticed Sigmund
  1909 | D:3      | Killed Sigmund
  1909 | D:3      | Reached skill level 2 in Spellcasting
  1909 | D:3      | Reached skill level 4 in Necromancy
  1909 | D:3      | Reached XP level 5. HP: 40/41 MP: 6/9
  2112 | D:3      | Found a glowing drain.
  2120 | Sewer    | Entered a sewer
  2130 | Sewer    | Reached XP level 6. HP: 45/47 MP: 10/10
  2152 | Sewer    | Reached skill level 3 in Spellcasting
  2279 | Sewer    | Noticed hairmachine's ghost (amateur TeCj)
  2839 | D:3      | Reached *** piety under Lugonu
  3279 | D:4      | Reached skill level 5 in Necromancy
  3286 | D:4      | Learned a level 5 spell: Dispel Undead
  3557 | D:4      | Reached XP level 7. HP: 50/52 MP: 12/12
  3633 | D:4      | Learned a level 5 spell: Agony
  3729 | D:4      | Reached skill level 6 in Necromancy
  3817 | D:5      | Entered Level 5 of the Dungeon
  3821 | D:5      | Upgraded the game from 0.19-a0-1225-gf887c1c to 0.19-a0-1238-gee6bd96
  3999 | D:5      | Reached skill level 7 in Necromancy
  4093 | D:5      | Got a heavily runed leather armour
  4094 | D:5      | Identified the +5 leather armour of the Demon Prince {rN+ SInv} (You found it on level 5 of the Dungeon)
  4632 | D:5      | Reached **** piety under Lugonu
  4848 | D:6      | Reached XP level 8. HP: 58/58 MP: 13/13
  4860 | D:6      | Reached skill level 8 in Necromancy
  4919 | D:6      | Noticed Pikel
  4941 | D:6      | Killed Pikel
  4941 | D:6      | Reached skill level 9 in Necromancy
  5027 | D:6      | Reached skill level 10 in Necromancy
  5130 | D:6      | Reached XP level 9. HP: 59/63 MP: 2/14
  5755 | D:6      | Reached skill level 11 in Necromancy
  6072 | D:7      | Reached skill level 12 in Necromancy
  6260 | D:7      | Found a glowing golden altar of the Shining One.
  6266 | D:7      | Got a pitted short sword
  6269 | D:7      | Got a dazzling leather armour
  6280 | D:7      | Identified the cursed +1 leather armour of the Demon Prince {Dex+6} (You found it on level 7 of the Dungeon)
  6280 | D:7      | Identified the +10 short sword of Causality {pierce, Str+4} (You found it on level 7 of the Dungeon)
  6435 | D:7      | Found a staircase to the Ecumenical Temple.
  6439 | Temple   | Entered the Ecumenical Temple
  6694 | D:7      | Reached ***** piety under Lugonu
  6762 | D:7      | Got a spiked plate armour
  6770 | D:7      | Reached skill level 13 in Necromancy
  6986 | D:8      | Noticed Maurice
  6990 | D:8      | Killed Maurice
  6990 | D:8      | Reached skill level 4 in Spellcasting
  6990 | D:8      | Reached XP level 10. HP: 62/70 MP: 9/16
  7007 | D:8      | Noticed Erica
  7020 | D:8      | Killed Erica
  7020 | D:8      | Reached skill level 5 in Spellcasting
  7028 | D:8      | Learned a level 5 spell: Bolt of Draining
  7102 | D:8      | Found Hyqog's Jewellery Emporium.
  7106 | D:8      | Bought the ring "Wollatai" {MR+ Stlth+} for 421 gold pieces
  7121 | D:8      | Reached skill level 1 in Conjurations
  7160 | D:8      | Reached skill level 2 in Conjurations
  7348 | D:8      | Reached skill level 3 in Conjurations
  7354 | D:8      | Noticed Grum
  7358 | D:8      | Killed Grum
  7603 | D:9      | Noticed Erolcha
  7606 | D:9      | Cast into level 2 of the Abyss (Erolcha)
  7649 | Abyss:3  | Found a corrupted altar of Lugonu.
  7702 | Abyss:3  | Noticed a tentacled starspawn
  7764 | Abyss:3  | Noticed a jiangshi
  7784 | Abyss:3  | Noticed a tentacled starspawn
  7829 | Abyss:3  | Reached skill level 6 in Spellcasting
  7830 | Abyss:3  | Reached skill level 4 in Conjurations
  7838 | Abyss:3  | Noticed a tentacled starspawn
  7872 | Abyss:3  | Noticed a sixfirhy
  7882 | Abyss:3  | Identified the cursed +0 plate armour "Plog" {MR+ Int+3 Slay+2} (You found it on level 7 of the Dungeon)
  7898 | Abyss:3  | Noticed a thrashing horror
  7918 | Abyss:3  | Got a dazzling cloak
  7949 | Abyss:3  | Noticed a tentacled starspawn
  7981 | Abyss:3  | Noticed a large abomination
  8048 | Abyss:3  | Noticed an ancient lich
  8052 | D:9      | Escaped the Abyss
  8067 | D:9      | Killed Erolcha
  8067 | D:9      | Reached skill level 7 in Spellcasting
  8067 | D:9      | Reached XP level 11. HP: 75/75 MP: 1/21
  8470 | D:9      | Noticed Psyche
  8474 | D:9      | Killed Psyche
  8478 | D:9      | Identified the cursed -3 cloak of the Barber Surgeon {Str+3 Int-4 Dex+2} (You found it on level 3 of the Abyss)
  8851 | D:9      | Learned a level 5 spell: Excruciating Wounds
  8862 | D:10     | Entered Level 10 of the Dungeon
  8964 | D:10     | Reached skill level 14 in Necromancy
  9101 | D:10     | Reached skill level 8 in Spellcasting
  9443 | D:11     | Noticed Urug
  9447 | D:11     | Killed Urug
  9612 | D:11     | Found a staircase to the Lair.
  9795 | D:11     | Noticed a purple ugly thing
  9801 | D:11     | Killed a purple ugly thing
  9801 | D:11     | Reached skill level 2 in Invocations
  9874 | D:11     | Reached skill level 3 in Invocations
  9977 | D:11     | Noticed an unseen horror
  9979 | D:11     | Killed an unseen horror
 10030 | D:11     | Noticed a griffon
 10030 | D:11     | Noticed a hill giant
 10035 | D:11     | Killed a griffon
 10035 | D:11     | Reached ****** piety under Lugonu
 10035 | D:11     | Reached skill level 4 in Invocations
 10036 | D:11     | Killed a hill giant
 10122 | D:11     | Found a stormy altar of Qazlal.
 10152 | D:11     | Reached skill level 5 in Invocations
 10162 | Lair:1   | Entered Level 1 of the Lair of Beasts
 10639 | Lair:1   | Reached XP level 12. HP: 78/81 MP: 22/24
 10656 | Lair:1   | Reached skill level 6 in Invocations
 10991 | Lair:1   | Reached skill level 7 in Invocations
 11062 | Lair:1   | Learned a level 2 spell: Passwall
 11303 | Lair:2   | Found a hole to the Spider Nest.
 11359 | Lair:2   | Noticed a five-headed hydra
 11387 | Lair:2   | Killed a five-headed hydra
 11436 | Lair:2   | Reached skill level 8 in Invocations
 11486 | Lair:2   | Learned a level 1 spell: Apportation
 11489 | Lair:2   | Learned a level 2 spell: Blink
 11512 | Lair:2   | Reached skill level 1 in Translocations
 11571 | Lair:2   | Reached skill level 2 in Translocations
 11697 | Lair:2   | Reached skill level 3 in Translocations
 11773 | Lair:2   | Reached skill level 9 in Spellcasting
 12539 | Lair:3   | Reached skill level 10 in Spellcasting
 12721 | Lair:3   | Learned a level 4 spell: Passage of Golubria
 13312 | Lair:4   | Reached skill level 4 in Translocations
 13319 | Lair:4   | Gained mutation: You are in touch with the powers of death. [Mummy growth]
 13319 | Lair:4   | Reached XP level 13. HP: 82/86 MP: 27/27
 13633 | Lair:4   | Noticed Sonja
 13658 | Lair:4   | Killed Sonja
 13658 | Lair:4   | Reached skill level 5 in Translocations
 13736 | Lair:4   | Found a staircase to the Swamp.
 13837 | Lair:4   | Noticed Rupert
 13852 | Lair:4   | Killed Rupert
 13852 | Lair:4   | Reached skill level 6 in Translocations
 13973 | Lair:4   | Upgraded the game from 0.19-a0-1238-gee6bd96 to 0.19-a0-1254-gb9c29c0
 14111 | Lair:5   | Reached skill level 15 in Necromancy
 14762 | Lair:6   | Entered Level 6 of the Lair of Beasts
 14915 | Lair:6   | Found a staircase to the Slime Pits.
 14948 | Lair:6   | Got a steaming jade ring
 14949 | Lair:6   | Identified the ring of Ponnas {rN+ Dex+4} (You found it on level 6 of the Lair of Beasts)
 14963 | Lair:6   | Reached skill level 16 in Necromancy
 15378 | Lair:6   | Reached XP level 14. HP: 31/93 MP: 8/28
 15576 | Lair:6   | Reached skill level 5 in Conjurations
 15960 | Lair:6   | Reached skill level 6 in Conjurations
 16221 | Lair:6   | Reached skill level 7 in Conjurations
 16246 | Lair:6   | Reached skill level 1 in Charms
 16476 | D:11     | Learned a level 2 spell: Shroud of Golubria
 16524 | D:12     | Noticed Gruud's ghost (journeyman DsGl)
 16538 | D:12     | Killed Gruud's ghost
 16538 | D:12     | Reached skill level 1 in Dodging
 16667 | D:12     | Noticed Nessos
 16668 | D:12     | Banished Nessos
 16712 | D:12     | Reached skill level 4 in Fighting
 16712 | D:12     | Reached skill level 2 in Dodging
 16956 | D:12     | Found Luokk's Armour Boutique.
 16956 | D:12     | Found a staircase to the Orcish Mines.
 16989 | D:12     | Found Mossialu's Weapon Boutique.
 17248 | D:12     | Bought a +0 pair of boots of flying for 184 gold pieces
 17295 | D:12     | Reached skill level 3 in Dodging
 17369 | D:8      | Bought an uncursed ring of protection from magic for 350 gold pieces
 17462 | D:13     | Found a gate to the Vaults.
 17469 | D:12     | Reached skill level 5 in Fighting
 17559 | D:13     | Found a white marble altar of Elyvilon.
 17836 | D:13     | Reached skill level 4 in Dodging
 17911 | D:13     | Reached skill level 6 in Fighting
 18304 | D:14     | Found a flagged portal.
 18391 | Bailey   | Entered a bailey
 18966 | D:11     | Identified a +2 lajatang of distortion (a +0 lajatang corrupted by Lugonu)
 18966 | D:11     | Received a gift from Lugonu
 19060 | D:14     | Reached skill level 1 in Staves
 19173 | D:14     | Found Lust's Weapon Boutique.
 19204 | D:14     | Reached skill level 2 in Staves
 19210 | D:14     | Reached XP level 15. HP: 106/106 MP: 14/29
 19218 | D:14     | Reached skill level 3 in Staves
 19253 | D:14     | Found Giry's Weapon Shop.
 19437 | D:15     | Entered Level 15 of the Dungeon
 19476 | D:15     | Reached skill level 4 in Staves
 19544 | D:15     | Noticed Louise
 19549 | D:15     | Killed Louise
 19609 | D:15     | Found a labyrinth entrance.
 19622 | Lab      | Entered a labyrinth
 19725 | Lab      | Reached skill level 5 in Staves
 19877 | Lab      | Got a shimmering granite ring
 19877 | Lab      | Got a sparkling bronze ring
 19878 | Lab      | Identified the ring "Unofen" {Wiz Str-5 Int+4 Dex+8} (You found it in a labyrinth)
 19879 | Lab      | Identified the ring of Beogh's Castigation {rElec rN+ Str+3 SInv} (You found it in a labyrinth)
 20046 | D:15     | Reached skill level 6 in Staves
 20450 | D:15     | Reached skill level 7 in Staves
 20623 | D:15     | Found a staircase to the Depths.
 20833 | D:8      | Bought an uncursed ring of resist corrosion for 280 gold pieces
 20915 | Orc:1    | Entered Level 1 of the Orcish Mines
 20974 | D:12     | Reached skill level 8 in Staves
 21101 | Orc:2    | Entered Level 2 of the Orcish Mines
 21101 | Orc:2    | Found a staircase to the Elven Halls.
 21413 | Orc:1    | Found a roughly hewn altar of Beogh.
 21943 | Orc:2    | Reached skill level 9 in Staves
 22132 | Orc:2    | Found Owagoc's General Store.
 22133 | Orc:2    | Found Ifoat's General Store.
 22232 | Orc:2    | Bought a scroll of recharging for 142 gold pieces
 22947 | Orc:2    | Paralysed by an orc sorcerer for 3 turns
 23061 | Orc:2    | Reached skill level 10 in Staves
 23168 | Orc:2    | Reached XP level 16. HP: 113/113 MP: 21/30
 23289 | Orc:2    | Found Cylar's Antique Armour Emporium.
 23289 | Orc:2    | Found Biti's Book Shoppe.
 23289 | Orc:2    | Found a one-way gate leading to the halls of Pandemonium.
 23293 | Orc:2    | Bought the Disquisition on Ghastly Protection for 605 gold pieces
 23297 | Orc:2    | Learned a level 3 spell: Vampiric Draining
 23299 | Orc:2    | Bought a fine robe for 199 gold pieces
 23299 | Orc:2    | Bought a glowing cloak for 157 gold pieces
 23365 | Orc:2    | Identified the +3 robe "Duovves" {rC- Str+4} (You bought it in a shop on level 2 of the Orcish Mines)
 23536 | Orc:2    | Found Godadaz's Assorted Antiques.
 23543 | Orc:2    | Bought a lead wand for 108 gold pieces
 23549 | Orc:2    | Bought a runed blowgun for 67 gold pieces
 23582 | Orc:2    | Noticed Donald
 23593 | Orc:2    | Killed Donald
 23997 | Swamp:1  | Entered Level 1 of the Swamp
 24314 | Swamp:1  | Found a frozen archway.
 24448 | IceCv    | Entered an ice cave
 24460 | IceCv    | Reached skill level 11 in Staves
 25087 | IceCv    | Noticed an Ice Fiend
 25487 | IceCv    | Identified the Volume of the Lethal Snowflakes
 25492 | IceCv    | Got a flickering pewter ring
 25498 | IceCv    | Identified the Volume of Conjuration
 25515 | IceCv    | HP: 7/113 [Ice Fiend/bolt of cold (6)]
 25584 | Swamp:1  | Identified the ring of Tyazuizu {Wiz +Inv Int+3} (You found it in an ice cave)
 26317 | Swamp:2  | Reached skill level 12 in Staves
 26948 | Swamp:3  | Noticed a thorn hunter
 27350 | Swamp:2  | Noticed a thorn hunter
 27354 | Swamp:2  | Banished a thorn hunter
 27637 | Swamp:3  | Reached skill level 13 in Staves
 27710 | Swamp:3  | Banished a thorn hunter
 27812 | Swamp:3  | Noticed Roxanne
 27924 | Swamp:4  | Entered Level 4 of the Swamp
 27924 | Swamp:4  | Noticed Bai Suzhen
 27930 | Swamp:4  | Killed Bai Suzhen
 28326 | Swamp:4  | Reached XP level 17. HP: 118/118 MP: 9/31
 28485 | Swamp:4  | Reached skill level 14 in Staves
 28686 | Swamp:4  | Reached skill level 7 in Fighting
 28807 | Swamp:4  | Got a decaying rune of Zot
 28926 | Swamp:4  | Reached skill level 8 in Fighting
 29263 | Swamp:4  | Reached skill level 9 in Fighting
 29647 | D:15     | Learned a level 1 spell: Pain
 29728 | Elf:1    | Entered Level 1 of the Elven Halls
 29849 | Elf:1    | Found a radiant altar of Vehumet.
 29923 | Elf:1    | Got a scorched falchion
 29924 | Elf:1    | Identified the cursed +1 falchion of Flawed Execution {slice, *Noise +Inv rPois MR+} (You found it on level 1 of the Elven Halls)
 29934 | Elf:1    | Noticed Frances
 30082 | Vaults:1 | Entered Level 1 of the Vaults
 30279 | Vaults:1 | Reached skill level 11 in Spellcasting
 30910 | D:15     | Learned a level 2 spell: Repel Missiles
 31099 | Vaults:1 | Reached skill level 12 in Spellcasting
 31630 | Vaults:1 | Got an uncursed warped war axe {drain}
 31633 | Vaults:1 | Identified the +5 war axe "Jajamiat" {drain, rC+} (You took it off a centaur warrior on level 1 of the Vaults)
 31844 | Vaults:1 | Reached skill level 8 in Conjurations
 32628 | Vaults:1 | Reached skill level 9 in Conjurations
 32944 | Vaults:1 | Reached XP level 18. HP: 132/132 MP: 32/34
 33341 | Vaults:1 | Reached skill level 10 in Conjurations
 33500 | Orc:2    | Bought a book of Power for 495 gold pieces
 33768 | D:15     | Learned a level 7 spell: Orb of Destruction
 34262 | Vaults:2 | Noticed Nikola
 34272 | Vaults:2 | Killed Nikola
 34810 | Vaults:2 | Found a staircase to the Crypt.
 34843 | Vaults:2 | Reached skill level 11 in Conjurations
 34849 | Vaults:2 | Noticed Jorgrun
 34963 | Vaults:2 | Killed Jorgrun
 35449 | Vaults:2 | Found Derhaatu's Magic Scroll Shoppe.
 35457 | Vaults:2 | Bought a scroll of fog for 22 gold pieces
 35457 | Vaults:2 | Bought a scroll of blinking for 82 gold pieces
 35503 | Vaults:2 | Bought a scroll of enchant armour for 82 gold pieces
 35882 | Vaults:2 | Reached skill level 12 in Conjurations
 36506 | Vaults:3 | Noticed a tentacled monstrosity
 36810 | Vaults:3 | Upgraded the game from 0.19-a0-1254-gb9c29c0 to 0.19-a0-1260-gc94d3f7
 36824 | Vaults:3 | Killed a tentacled monstrosity
 36824 | Vaults:3 | Reached skill level 13 in Conjurations
 37401 | Vaults:3 | Identified a scroll of acquirement
 37799 | Vaults:3 | Reached XP level 19. HP: 127/138 MP: 8/35
 38132 | Vaults:3 | Reached skill level 13 in Spellcasting
 38346 | Vaults:3 | Found Neniumoss's Assorted Antiques.
 39505 | Vaults:4 | Reached skill level 14 in Spellcasting
 40339 | Vaults:4 | Reached skill level 2 in Armour
 40803 | Vaults:4 | Reached skill level 3 in Armour
 41497 | D:15     | Learned a level 5 spell: Cigotuvi's Embrace
 41775 | Crypt:1  | Entered Level 1 of the Crypt
 41934 | Crypt:1  | Reached skill level 9 in Invocations
 42127 | Crypt:1  | Found an ancient bone altar of Kikubaaqudgha.
 42402 | Crypt:1  | Reached XP level 20. HP: 98/144 MP: 31/38
 42500 | Crypt:1  | Reached skill level 10 in Invocations
 42836 | Crypt:1  | Noticed Boris
 42848 | Crypt:1  | Killed Boris
 42849 | Crypt:1  | Reached skill level 11 in Invocations
 43084 | Crypt:2  | Reached skill level 1 in Evocations
 43211 | Crypt:2  | Reached skill level 2 in Evocations
 43398 | Crypt:2  | Reached skill level 3 in Evocations
 43803 | Crypt:2  | Reached skill level 4 in Evocations
 43918 | Crypt:2  | Got an ichor-stained ring mail
 43956 | Crypt:2  | Identified the cursed +0 ring mail of the Moon {Str+5} (You found it on level 2 of the Crypt)
 43986 | Crypt:3  | Entered Level 3 of the Crypt
 44052 | Crypt:3  | Reached skill level 17 in Necromancy
 44205 | Crypt:3  | Reached skill level 12 in Invocations
 44688 | Crypt:3  | Found a staircase to the Tomb.
 44871 | Crypt:3  | Reached skill level 10 in Fighting
 45045 | Crypt:3  | Noticed Khufu
 45256 | Crypt:3  | Killed Khufu
 45256 | Crypt:3  | Reached skill level 11 in Fighting
 45448 | Crypt:3  | Got a shimmering hand crossbow
 45450 | Crypt:3  | Got a brightly glowing short sword
 45471 | Crypt:3  | Identified the +10 short sword "Hoefiss" {holy, rElec rPois} (You found it on level 3 of the Crypt)
 45473 | Crypt:3  | Identified the +7 hand crossbow of Descent {freeze, Int+3} (You found it on level 3 of the Crypt)
 45659 | Crypt:3  | Reached skill level 4 in Armour
 45875 | Crypt:3  | Noticed a bone dragon
 45884 | Crypt:3  | Killed a bone dragon
 45890 | Crypt:3  | Reached skill level 5 in Armour
 46215 | Crypt:3  | Reached XP level 21. HP: 156/156 MP: 39/39
 46217 | Crypt:3  | Found a basalt altar of Yredelemnul.
 46369 | Crypt:3  | Reached skill level 15 in Spellcasting
 47114 | Crypt:3  | Noticed a profane servitor
 47158 | Crypt:3  | Killed a profane servitor
 47289 | Crypt:3  | Identified the Collected Works on Evil
 47503 | Vaults:3 | Bought a leatherbound book for 405 gold pieces
 47505 | Vaults:3 | Bought a ring of evasion for 54 gold pieces
 47505 | Vaults:3 | Bought a scroll of identify for 54 gold pieces
 47505 | Vaults:3 | Bought a scroll of identify for 54 gold pieces
 47594 | Vaults:2 | Bought a scroll of teleportation for 33 gold pieces
 47594 | Vaults:2 | Bought a scroll of remove curse for 33 gold pieces
 47594 | Vaults:2 | Bought a scroll of teleportation for 33 gold pieces
 47594 | Vaults:2 | Bought a scroll of identify for 22 gold pieces
 47734 | D:15     | Upgraded the game from 0.19-a0-1260-gc94d3f7 to 0.19-a0-1268-g6c5d9f8
 47741 | D:15     | Learned a level 6 spell: Death Channel
 47743 | D:15     | Learned a level 1 spell: Summon Butterflies
 47828 | Elf:1    | Reached skill level 1 in Summonings
 47850 | Elf:1    | Reached skill level 2 in Summonings
 47980 | Elf:1    | Killed Frances
 48071 | Elf:1    | Reached skill level 3 in Summonings
 48155 | Elf:1    | Reached skill level 2 in Charms
 48271 | Elf:1    | Reached skill level 3 in Charms
 48435 | Elf:1    | Reached skill level 1 in Earth Magic
 48872 | Elf:2    | Found Xioghali's Armour Boutique.
 48957 | Elf:2    | Reached skill level 6 in Armour
 48971 | Elf:2    | Found Amimnex's Armour Emporium.
 49110 | Elf:2    | Reached skill level 16 in Spellcasting
 49516 | Elf:2    | Found Soirieng's Assorted Antiques.
 49660 | Elf:2    | Found Raotith's Gadget Boutique.
 49734 | Elf:2    | Found Elamed's Assorted Antiques.
 49924 | Elf:2    | Found a huge runed gate.
 49924 | Elf:2    | Found a huge runed gate.
 49924 | Elf:2    | Found a huge runed gate.
 49928 | Elf:2    | Found a huge runed gate.
 49928 | Elf:2    | Found a huge runed gate.
 50443 | Elf:2    | Reached skill level 17 in Spellcasting
 50664 | Elf:3    | Entered Level 3 of the Elven Halls
 50860 | Elf:3    | Found Pinuimp's Distillery.
 50925 | Elf:3    | Reached skill level 5 in Dodging
 51059 | Elf:3    | Reached XP level 22. HP: 163/163 MP: 35/43
 51405 | Elf:3    | Reached skill level 6 in Dodging
 51750 | D:15     | Learned a level 3 spell: Mephitic Cloud
 51976 | Elf:3    | Reached skill level 7 in Dodging
 52362 | Elf:3    | Reached skill level 8 in Dodging
 52584 | Elf:3    | Got a translucent long sword {slice}
 52762 | Elf:3    | Reached skill level 9 in Dodging
 52795 | Elf:3    | Got an ichor-stained shortbow
 52895 | Elf:3    | Identified the +7 shortbow "Xiud" {venom, rC+ MR+} (You found it on level 3 of the Elven Halls)
 52896 | Elf:3    | Identified the +3 long sword "Xohuv" {slice, +Fly rPois Str+9} (You took it off a deep elf elementalist on level 3 of the Elven Halls)
 52962 | Elf:3    | Identified a +3 rod of inaccuracy (13/13) {!a} (You took it off a deep elf annihilator on level 3 of the Elven Halls)
 53048 | Elf:2    | Bought a wand of digging (15/24) for 570 gold pieces
 53071 | Elf:2    | Bought a scroll of vulnerability for 247 gold pieces
 53121 | Elf:2    | Bought a scroll of vulnerability for 262 gold pieces
 53225 | Orc:2    | Reached skill level 1 in Stealth
 53277 | Orc:2    | Bought a scroll of immolation for 94 gold pieces
 53636 | Slime:1  | Entered Level 1 of the Pits of Slime
 53702 | Slime:1  | Reached skill level 2 in Stealth
 53783 | Slime:2  | Reached skill level 3 in Stealth
 54303 | Slime:3  | Reached skill level 4 in Stealth
 54526 | Slime:4  | Reached skill level 5 in Stealth
 54549 | Slime:5  | Entered Level 5 of the Pits of Slime
 55055 | Slime:5  | Reached skill level 7 in Armour
 55464 | Slime:5  | Reached skill level 8 in Armour
 55858 | Slime:5  | Noticed the Royal Jelly
 55869 | Slime:5  | Killed the Royal Jelly
 55869 | Slime:5  | Reached skill level 9 in Armour
 55869 | Slime:5  | Reached XP level 23. HP: 153/169 MP: 32/44
 55892 | Slime:5  | Identified the Reference Book on the Frostbite and Calling
 55931 | Slime:5  | Got a twisted quarterstaff
 55934 | Slime:5  | Got a wizard robe
 55936 | Slime:5  | Got a bound jade ring
 55963 | Slime:5  | Identified the Reference Book on Supportive Dark Arts
 55969 | Slime:5  | Got a transparent battleaxe
 55979 | Slime:5  | Identified the ring "Malelur" {Int-2 Dex+5 Stlth+} (You found it on level 5 of the Pits of Slime)
 55981 | Slime:5  | Identified the +4 battleaxe "Qeesuttalown" {chop, Int+3 Dex+4} (You found it on level 5 of the Pits of Slime)
 55983 | Slime:5  | Identified the +6 quarterstaff of Beyond {antimagic, Int+5 Dex+3} (You found it on level 5 of the Pits of Slime)
 55984 | Slime:5  | Identified the +1 robe of Honour {-Cast rCorr Str+3 Dex+3} (You found it on level 5 of the Pits of Slime)
 56009 | Slime:5  | Got a slimy rune of Zot
 56382 | D:15     | Learned a level 5 spell: Aura of Abjuration
 56383 | Depths:1 | Entered Level 1 of the Depths
 56390 | Depths:1 | Noticed the Enchantress
 56760 | Depths:1 | Reached skill level 4 in Summonings
 56850 | Depths:1 | Found a portal to a secret trove of treasure.
 57030 | Depths:1 | Reached skill level 5 in Summonings
 57208 | Depths:1 | Found Uvvogh's Magic Scroll Shop.
 57208 | Depths:1 | Found Izupnako's Weapon Boutique.
 57218 | Depths:1 | Bought a scroll of summoning for 190 gold pieces
 57375 | Depths:1 | Reached skill level 6 in Summonings
 57683 | Depths:1 | Reached skill level 7 in Summonings
 57686 | Depths:1 | Found a gateway to Hell.
 57692 | Depths:1 | Got a jewelled mace
 57693 | Depths:1 | Identified the cursed +0 mace of Distant Worlds {crush, rF+} (You found it on level 1 of the Depths)
 57881 | Depths:2 | Found a one-way gate to the infinite horrors of the Abyss.
 58032 | Depths:2 | Killed the Enchantress
 58032 | Depths:2 | Reached skill level 8 in Summonings
 58049 | Depths:2 | Got a faerie dragon armour
 58375 | Depths:2 | Reached skill level 9 in Summonings
 58419 | Depths:2 | Noticed a caustic shrike
 58427 | Depths:2 | Killed a caustic shrike
 58516 | Depths:2 | Identified the +5 faerie dragon armour {rF+ Dex+3} (You took it off the Enchantress on level 2 of the Depths)
 58609 | Depths:2 | Reached skill level 12 in Fighting
 58859 | Depths:3 | Upgraded the game from 0.19-a0-1268-g6c5d9f8 to 0.19-a0-1292-g796ee4d
 59163 | Depths:3 | Reached skill level 5 in Evocations
 59185 | Depths:3 | Noticed Mennas
 59185 | Depths:3 | Corrupted Depths:3
 59198 | Depths:3 | Killed Mennas
 59476 | Depths:3 | Reached skill level 6 in Evocations
 59711 | Depths:3 | Reached skill level 7 in Evocations
 59874 | Depths:3 | Reached XP level 24. HP: 80/180 MP: 7/44
 60159 | Swamp:3  | Killed Roxanne
 60163 | Swamp:3  | Identified Roxanne's Incunabulum of Earth (You took it off Roxanne on level 3 of the Swamp)
 60481 | Depths:3 | Reached skill level 14 in Conjurations
 61153 | Depths:3 | Noticed a juggernaut
 61161 | Depths:3 | Killed a juggernaut
 61253 | Depths:3 | Identified the Handbook of the Birds and Flames
 61259 | Depths:3 | Reached skill level 15 in Conjurations
 61433 | Depths:4 | Voluntarily entered the Abyss.
 61439 | Abyss:1  | Reached skill level 2 in Earth Magic
 61581 | Abyss:1  | Found a shimmering altar of Xom.
 61634 | Abyss:1  | Killed Nessos
 62029 | Abyss:3  | Found a corrupted altar of Lugonu.
 62172 | Abyss:4  | Found a corrupted altar of Lugonu.
 62355 | Abyss:4  | Reached skill level 3 in Earth Magic
 62605 | Abyss:4  | HP: 17/180 [thrashing horror (5)]
 62747 | Depths:4 | Escaped the Abyss
 62871 | Depths:1 | Reached skill level 7 in Translocations
 62893 | Depths:1 | Bought a scroll of recharging for 190 gold pieces
 62893 | Depths:1 | Bought a scroll of teleportation for 60 gold pieces
 62893 | Depths:1 | Bought a scroll of magic mapping for 70 gold pieces
 62893 | Depths:1 | Bought a scroll of remove curse for 60 gold pieces
 62893 | Depths:1 | Bought a scroll of amnesia for 70 gold pieces
 62893 | Depths:1 | Bought a scroll of remove curse for 60 gold pieces
 62893 | Depths:1 | Bought a scroll of identify for 40 gold pieces
 62893 | Depths:1 | Bought a scroll of recharging for 190 gold pieces
 62893 | Depths:1 | Bought a scroll of identify for 40 gold pieces
 62893 | Depths:1 | Bought a scroll of identify for 40 gold pieces
 62893 | Depths:1 | Bought 3 scrolls of fear for 210 gold pieces
 62893 | Depths:1 | Bought a scroll of remove curse for 60 gold pieces
 62893 | Depths:1 | Bought a scroll of identify for 40 gold pieces
 62893 | Depths:1 | Bought a scroll of identify for 40 gold pieces
 63544 | Depths:4 | Identified a -1 rod of clouds (14/14) (You found it on level 4 of the Depths)
 63585 | Depths:4 | Reached skill level 4 in Earth Magic
 64080 | Depths:4 | Reached skill level 16 in Conjurations
 64200 | Depths:4 | Reached XP level 25. HP: 138/186 MP: 10/44
 64345 | Depths:4 | Reached skill level 8 in Translocations
 64441 | Depths:4 | Reached skill level 10 in Summonings
 64565 | Depths:2 | Voluntarily entered the Abyss.
 64565 | Abyss:1  | Found a corrupted altar of Lugonu.
 64582 | Abyss:1  | Found a corrupted altar of Lugonu.
 64701 | Abyss:1  | Reached skill level 5 in Earth Magic
 64902 | Abyss:1  | Reached skill level 1 in Air Magic
 65602 | Abyss:2  | Reached skill level 1 in Transmutations
 65656 | Abyss:2  | Reached skill level 6 in Stealth
 65694 | Abyss:2  | Identified the Papyrus of Precision Catastrophes
 65841 | Abyss:3  | Found a corrupted altar of Lugonu.
 65874 | Abyss:3  | Found a corrupted altar of Lugonu.
 65920 | Abyss:3  | Found a corrupted altar of Lugonu.
 65985 | Abyss:3  | Found a corrupted altar of Lugonu.
 66002 | Abyss:4  | Found a corrupted altar of Lugonu.
 66077 | Abyss:5  | Entered Level 5 of the Abyss
 66412 | Abyss:5  | Reached skill level 2 in Air Magic
 66529 | Abyss:5  | Found a corrupted altar of Lugonu.
 66561 | Abyss:5  | HP: 15/186 [red devil/demon trident of freezing (15)]
 66562 | Depths:2 | Escaped the Abyss
 67041 | Depths:2 | Voluntarily entered the Abyss.
 67058 | Abyss:1  | Reached skill level 4 in Charms
 67068 | Abyss:1  | Found a corrupted altar of Lugonu.
 67085 | Depths:2 | Escaped the Abyss
 67147 | Depths:2 | Voluntarily entered the Abyss.
 67350 | Abyss:4  | HP: 13/186 [white very ugly thing (50)]
 67351 | Depths:2 | Escaped the Abyss
 67607 | Depths:2 | Voluntarily entered the Abyss.
 67656 | Abyss:2  | Found a corrupted altar of Lugonu.
 67953 | Abyss:4  | Reached skill level 7 in Stealth
 67986 | Abyss:4  | Got an abyssal rune of Zot
 68009 | Depths:2 | Escaped the Abyss
 68211 | Depths:5 | Entered Level 5 of the Depths
 68551 | Depths:5 | Found a gateway to a ziggurat.
 68773 | Depths:5 | Noticed a juggernaut
 68780 | Depths:5 | Killed a juggernaut
 69010 | Depths:5 | Reached skill level 18 in Spellcasting
 69361 | Depths:5 | Reached skill level 17 in Conjurations
 69431 | Depths:5 | Found a gate to the Realm of Zot.
 69845 | Depths:2 | Reached skill level 10 in Armour
 69865 | D:15     | Upgraded the game from 0.19-a0-1292-g796ee4d to 0.19-a0-1320-g0178847
 69870 | D:15     | Learned a level 4 spell: Control Undead
 70126 | Tomb:1   | Entered Level 1 of the Tomb of the Ancients
 70202 | Tomb:1   | Noticed Boris
 70211 | Tomb:1   | Killed Boris
 70240 | Tomb:1   | Reached skill level 13 in Fighting
 70399 | Tomb:1   | Gained mutation: You are strongly in touch with the powers of death. [Mummy growth]
 70399 | Tomb:1   | Reached XP level 26. HP: 195/195 MP: 37/45
 70555 | Tomb:1   | Got a transparent robe
 70556 | Tomb:1   | Identified the cursed -5 robe of Misfortune {-Cast *Contam *Tele *Drain EV-5 Stlth-- *Curse} (You found it on level 1 of the Tomb of the Ancients)
 70748 | Tomb:1   | Reached skill level 10 in Dodging
 70845 | Tomb:1   | Noticed an ancient lich
 70871 | Tomb:1   | Killed an ancient lich
 71082 | Tomb:1   | Identified a +2 rod of clouds (13/13) (You found it on level 1 of the Tomb of the Ancients)
 71139 | Tomb:1   | Noticed a greater mummy
 71146 | Tomb:1   | Killed a greater mummy
 71181 | Tomb:1   | Reached skill level 11 in Armour
 71284 | Tomb:2   | Noticed a greater mummy
 71296 | Tomb:2   | Killed a greater mummy
 71310 | Tomb:2   | Noticed a greater mummy
 71326 | Tomb:2   | Noticed a greater mummy
 71326 | Tomb:2   | Noticed a greater mummy
 72088 | Tomb:1   | Escaped the Abyss
 72138 | Tomb:1   | Reached skill level 14 in Fighting
 72241 | Tomb:1   | Killed a greater mummy
 72354 | Tomb:2   | Killed a greater mummy
 72800 | Tomb:2   | Reached skill level 11 in Dodging
 72993 | Tomb:3   | Entered Level 3 of the Tomb of the Ancients
 73556 | Tomb:3   | Noticed Mara
 73564 | Tomb:3   | Noticed a greater mummy
 73565 | Tomb:3   | Noticed a greater mummy
 73734 | Tomb:3   | Noticed a greater mummy
 73739 | Tomb:2   | Noticed glosham's illusion
 73757 | Tomb:2   | Killed Mara
 73904 | Tomb:2   | Killed a greater mummy
 74011 | Tomb:2   | Killed a greater mummy
 74153 | Tomb:3   | Noticed a greater mummy
 74165 | Tomb:3   | Killed a greater mummy
 74180 | Tomb:3   | Killed a greater mummy
 74257 | Tomb:3   | Noticed a greater mummy
 74264 | Tomb:3   | Killed a greater mummy
 74268 | Tomb:3   | Noticed a greater mummy
 74289 | Tomb:3   | Killed a greater mummy
 74385 | Tomb:3   | Noticed a greater mummy
 74392 | Tomb:3   | Killed a greater mummy
 74392 | Tomb:3   | Reached skill level 12 in Armour
 74436 | Tomb:3   | Identified a +2 pair of boots of running (You found it on level 3 of the Tomb of the Ancients)
 74437 | Tomb:3   | Got a brightly glowing tin amulet
 74438 | Tomb:3   | Identified the amulet "Kuiv" {Spirit Int+3} (You found it on level 3 of the Tomb of the Ancients)
 74464 | Tomb:3   | Got a spiked scale mail
 74485 | Tomb:3   | Got a steaming war axe
 74486 | Tomb:3   | Identified the +3 war axe "Jutom" {drain, Str+6 Int-5} (You found it on level 3 of the Tomb of the Ancients)
 74488 | Tomb:3   | Identified the +0 scale mail "Diozeops" {rF+ MR++} (You found it on level 3 of the Tomb of the Ancients)
 74489 | Tomb:3   | Identified a +4 rod of shadows (9/9) (You found it on level 3 of the Tomb of the Ancients)
 74503 | Tomb:3   | Noticed a greater mummy
 74507 | Tomb:3   | Noticed a greater mummy
 74516 | Tomb:3   | Killed a greater mummy
 74516 | Tomb:3   | Reached skill level 12 in Dodging
 74524 | Tomb:3   | Killed a greater mummy
 74688 | Tomb:3   | Got a golden rune of Zot
 75022 | Crypt:2  | Reached XP level 27. HP: 142/206 MP: 6/45
 75380 | Vaults:5 | Entered Level 5 of the Vaults
 75384 | Vaults:5 | Reached skill level 13 in Dodging
 75384 | Vaults:5 | Reached skill level 14 in Dodging
 75430 | Vaults:5 | HP: 19/206 [tengu reaver/bolt of magma (28)]
 75750 | Vaults:5 | Escaped the Abyss
 75760 | Vaults:5 | Reached skill level 15 in Dodging
 75982 | Vaults:5 | Got a heavily runed bone amulet
 75983 | Vaults:5 | Identified the amulet "Deagryro" {Spirit rPois rF+ MP-9} (You took it off a deep elf mage on level 5 of the Vaults)
 76036 | Vaults:5 | Reached skill level 15 in Fighting
 76079 | Vaults:5 | Reached skill level 8 in Evocations
 76160 | Vaults:5 | Identified the Catalogue of the Frostbite and the Arsonist
 76187 | Vaults:5 | Got a twitching silver ring
 76188 | Vaults:5 | Got a crude halberd {flame}
 76189 | Vaults:5 | Identified the ring "Nirphown" {Ice rElec rPois MP+9 Str+5} (You took it off a deep elf elementalist on level 5 of the Vaults)
 76427 | Vaults:5 | Reached skill level 8 in Stealth
 76594 | Vaults:5 | Identified the +6 halberd "Jotsoageu" {flame, +Inv rF- Int+6 SInv} (You took it off a deep elf elementalist on level 5 of the Vaults)
 76750 | Vaults:5 | Got an uncursed polished lajatang {drain}
 76751 | Vaults:5 | Identified the +8 lajatang of Umaph {drain, +Fly MR+++ Str-4 Stlth+} (You took it off a deep elf high priest on level 5 of the Vaults)
 76840 | Vaults:5 | Noticed an ancient lich
 76845 | Vaults:5 | Killed an ancient lich
 76947 | Vaults:5 | Got a silver rune of Zot
 76996 | Vaults:5 | Reached skill level 9 in Evocations
 77311 | Vaults:5 | Reached skill level 13 in Invocations
 77404 | Vaults:5 | Reached skill level 9 in Stealth
 77432 | Vaults:5 | Got a crude short sword {drain}
 77433 | Vaults:5 | Identified the cursed +0 short sword of the Valley of Death {drain, +Inv rPois rF- Int+3} (You took it off a yaktaur captain on level 5 of the Vaults)
 77921 | Spider:1 | Entered Level 1 of the Spider Nest
 78096 | Spider:4 | Entered Level 4 of the Spider Nest
 78324 | Spider:4 | Reached skill level 10 in Stealth
 78707 | Spider:4 | Got a gossamer rune of Zot
 78930 | D:15     | Learned a level 7 spell: Spellforged Servitor
 78940 | D:15     | Learned a level 6 spell: Shadow Creatures
 79010 | Pan      | Entered Pandemonium
 79011 | Pan      | Upgraded the game from 0.19-a0-1320-g0178847 to 0.19-a0-1341-g3513869
 79011 | Pan      | Upgraded the game from 0.19-a0-1341-g3513869 to 0.19-a0-1365-gb34f4cb
 79011 | Pan      | Upgraded the game from 0.19-a0-1365-gb34f4cb to 0.19-a0-1384-gbb462ca
 79011 | Pan      | Upgraded the game from 0.19-a0-1384-gbb462ca to 0.19-a0-1513-gf6d23ed
 79011 | Pan      | Upgraded the game from 0.19-a0-1513-gf6d23ed to 0.19-a0-1740-g0bcaf2e
 79011 | Pan      | Upgraded the game from 0.19-a0-1740-g0bcaf2e to 0.20-a0-4-gd166d5d
 79051 | Pan      | Reached skill level 11 in Summonings
 79273 | Pan      | HP: 20/210 [the Majin-Bo (7)]
 79278 | Pan      | HP: 15/210 [the Majin-Bo (7)]
 79347 | Pan      | Reached skill level 6 in Earth Magic
 79756 | Pan      | Found a white marble altar of Elyvilon.
 79867 | Pan      | Got a silken robe
 79878 | Pan      | Reached skill level 7 in Earth Magic
 79923 | Pan      | Identified the cursed +0 robe of Truth {rF- rN+ MR+} (You found it in Pandemonium)
 80505 | Pan      | Found an exit through the horrors of the Abyss.
 80798 | Pan      | Found an exit through the horrors of the Abyss.
 81166 | Pan      | Noticed Yhygemn the pandemonium lord
 81644 | Pan      | Found an exit through the horrors of the Abyss.
 81660 | Depths:3 | Escaped Pandemonium
 81663 | Pan      | Entered Pandemonium
 81678 | Pan      | Reached skill level 8 in Earth Magic
 82165 | Pan      | Found an exit through the horrors of the Abyss.
 82462 | Pan      | Noticed Fysket the pandemonium lord
 82471 | Pan      | Killed Fysket the pandemonium lord
 82644 | Pan      | Learned a level 8 spell: Lehudib's Crystal Spear
 83111 | Pan      | Found an exit through the horrors of the Abyss.
 83153 | Pan      | Reached skill level 9 in Earth Magic
 83287 | Pan      | Got a shimmering leather armour
 83288 | Pan      | Identified the +3 leather armour of Masochism {Dex+5} (You found it in Pandemonium)
 83327 | Pan      | Noticed Poenyas the pandemonium lord
 83338 | Pan      | Killed Poenyas the pandemonium lord
 83718 | Abyss:1  | Noticed an ancient lich
 83718 | Pan      | Escaped the Abyss
 83730 | Pan      | Entered the realm of Gloorx Vloq.
 83829 | Pan      | Reached skill level 18 in Conjurations
 83997 | Pan      | Reached skill level 10 in Earth Magic
 84046 | Pan      | Noticed Gloorx Vloq
 84063 | Pan      | Killed Gloorx Vloq
 84095 | Pan      | Got a dark rune of Zot
 84166 | Pan      | Found an exit through the horrors of the Abyss.
 84392 | Pan      | Found an exit through the horrors of the Abyss.
 84553 | Pan      | Found an exit through the horrors of the Abyss.
 84573 | Pan      | Entered the realm of Mnoleg.
 84795 | Pan      | Reached skill level 11 in Earth Magic
 84911 | Pan      | Noticed Mnoleg
 84943 | Pan      | Killed Mnoleg
 84998 | Pan      | Got a glowing rune of Zot
 85319 | Pan      | Reached skill level 12 in Earth Magic
 85361 | Pan      | Entered the realm of Cerebov.
 85440 | Pan      | Found an exit through the horrors of the Abyss.
 85833 | Pan      | Identified the +4 chain mail of the Moon {+Blink rC- MP+9 Str+2} (You found it in Pandemonium)
 85974 | Pan      | Noticed Cerebov
 86022 | Pan      | Killed Cerebov
 86050 | Pan      | Identified Sif Muna's Compendium of Gliding Poison
 86080 | Pan      | Got a vibrating glass ring
 86086 | Pan      | Identified a +9 rod of shadows (11/11) {!a} (You took it off an efreet in Pandemonium)
 86087 | Pan      | Identified a +2 rod of shadows (8/12) {!a} (You took it off an efreet in Pandemonium)
 86088 | Pan      | Identified a +4 rod of shadows (9/9) {!a} (You took it off an efreet in Pandemonium)
 86090 | Pan      | Identified the ring "Risoss Gupty" {rF+ rN+} (You took it off an efreet in Pandemonium)
 86112 | Pan      | Identified the Disquisition on Sinister Secrets and Confrontation
 86153 | Pan      | Got a fiery rune of Zot
 86217 | Pan      | Reached skill level 13 in Earth Magic
 86445 | Pan      | Noticed Wics the pandemonium lord
 86462 | Pan      | Killed Wics the pandemonium lord
 86688 | Pan      | Found an exit through the horrors of the Abyss.
 86741 | Pan      | Found an exit through the horrors of the Abyss.
 86852 | Depths:3 | Escaped Pandemonium
 86862 | Pan      | Entered Pandemonium
 86989 | Pan      | Found an exit through the horrors of the Abyss.
 87007 | Pan      | Reached skill level 14 in Earth Magic
 87163 | Pan      | Entered the realm of Lom Lobon.
 87353 | Pan      | Noticed Lom Lobon
 87424 | Pan      | Killed Lom Lobon
 87445 | Pan      | Got a magical rune of Zot
 87507 | Pan      | HP: 14/210 [wizard/orb of energy (12)]
 87520 | Pan      | HP: 17/210 [the Majin-Bo (7)]
 87750 | Pan      | Found an exit through the horrors of the Abyss.
 87901 | Pan      | Reached skill level 15 in Earth Magic
 87912 | Pan      | Noticed Tiufikk the pandemonium lord
 87976 | Pan      | Killed Tiufikk the pandemonium lord
 87976 | Pan      | Reached skill level 16 in Fighting
 88238 | Depths:3 | Escaped Pandemonium
 88240 | Pan      | Entered Pandemonium
 88366 | Pan      | Noticed Gius the pandemonium lord
 88373 | Pan      | Found an exit through the horrors of the Abyss.
 88483 | Pan      | Killed Gius the pandemonium lord
 88556 | Pan      | Got a demonic rune of Zot
 88593 | Pan      | Took an exit into the Abyss.
 88593 | Abyss:1  | Escaped into the Abyss
 88593 | Abyss:1  | Found a corrupted altar of Lugonu.
 88611 | Abyss:1  | Found a corrupted altar of Lugonu.
 88641 | Abyss:1  | Killed an ancient lich
 88659 | Depths:3 | Escaped the Abyss
 88669 | Depths:3 | Learned a level 6 spell: Deflect Missiles
 88689 | Depths:3 | Learned a level 4 spell: Control Undead
 88773 | Hell     | Entered the Vestibule of Hell
 88773 | Hell     | Noticed Geryon
 88780 | Hell     | Killed Geryon
 88816 | Hell     | Reached skill level 3 in Air Magic
 88870 | Hell     | Found a gateway to the Iron City of Dis.
 88940 | Hell     | Found a gateway to the freezing wastes of Cocytus.
 89107 | Hell     | Reached skill level 5 in Charms
 89138 | Hell     | Reached skill level 4 in Air Magic
 89169 | Hell     | Found a gateway to the decaying netherworld of Tartarus.
 89182 | Tar:1    | Entered Level 1 of Tartarus
 89244 | Tar:1    | You fall through a shaft!
 89681 | Tar:4    | Reached skill level 6 in Charms
 89681 | Tar:4    | Reached skill level 5 in Air Magic
 89687 | Tar:4    | Reached skill level 17 in Fighting
 90390 | Tar:6    | Reached skill level 18 in Fighting
 90844 | Tar:7    | Entered Level 7 of Tartarus
 91232 | Tar:7    | Reached skill level 19 in Fighting
 91420 | Tar:7    | Identified the ring "Afuutiu" {*Tele rPois MR- Int+9} (You found it on level 7 of Tartarus)
 91426 | Tar:7    | Identified the +2 pair of gloves of Bielig {-Cast MR+ rCorr Str+4} (You found it on level 7 of Tartarus)
 91491 | Tar:7    | Noticed Ereshkigal
 91621 | Tar:7    | Banished Ereshkigal
 91719 | Tar:7    | Got a bone rune of Zot
 91730 | Tar:7    | Reached skill level 20 in Fighting
 91842 | Coc:1    | Entered Level 1 of Cocytus
 91924 | Coc:1    | You fall through a shaft!
 92221 | Coc:7    | Entered Level 7 of Cocytus
 92275 | Coc:7    | Noticed Antaeus
 92278 | Coc:7    | Got an icy rune of Zot
 92456 | Dis:1    | Entered Level 1 of the Iron City of Dis
 92642 | Dis:4    | Reached skill level 21 in Fighting
 92819 | Dis:7    | Entered Level 7 of the Iron City of Dis
 92848 | Dis:7    | Noticed Dispater
 92856 | Dis:7    | Got an iron rune of Zot
 93066 | Hell     | Found a gateway to the ashen valley of Gehenna.
 93096 | Hell     | Learned a level 3 spell: Spectral Weapon
 93097 | Geh:1    | Entered Level 1 of Gehenna
 93237 | Geh:6    | Reached skill level 22 in Spellcasting
 93237 | Geh:6    | Upgraded the game from 0.20-a0-4-gd166d5d to 0.21-a0-1-gaf3b9a5
 93242 | Geh:7    | Entered Level 7 of Gehenna
 93258 | Geh:7    | HP: 15/228 [the Majin-Bo (8)]
 93264 | Geh:7    | HP: 4/228 [the Majin-Bo (6)]
 93268 | Geh:7    | HP: 1/228 [the Majin-Bo (4)]
 93286 | Geh:7    | HP: 3/228 [the Majin-Bo (7)]
 93319 | Geh:7    | HP: 10/228 [the Majin-Bo (7)]
 93335 | Geh:7    | HP: 11/228 [the Majin-Bo (7)]
 93405 | Geh:7    | Noticed the Serpent of Hell
 93408 | Zig:1    | Entered Level 1 of a ziggurat
 93412 | Zig:1    | HP: 20/228 [the Majin-Bo (8)]
 93441 | Zig:2    | Entered Level 2 of a ziggurat
 93929 | Geh:7    | HP: 12/228 [balrug/divine providence (14)]
 93948 | Geh:7    | HP: 13/228 [the Majin-Bo (7)]
 93966 | Geh:7    | HP: 17/228 [the Majin-Bo (4)]
 93974 | Geh:7    | HP: 1/228 [hellion/damnation (20)]
 94027 | Abyss:1  | Found a corrupted altar of Lugonu.
 94165 | Geh:7    | Escaped the Abyss
 94194 | Geh:7    | Killed from afar by a hellion

Vault maps used:
D:1:      co_arrival_random_square_maze, ashenzari_altar_1
D:3:      lightli_sewer_entry_pipes, first_bread, serial_glass, glass_columns_c,
          glass_columns_a, uniq_sigmund
D:4:      minmay_wonky_spiral, glass_columns_a, st_stairs_8
D:5:      black_bear_nest_1
D:6:      minmay_misc_feat_encased, minmay_misc_feat_ornament, uniq_pikel
D:7:      minmay_opposing_rooms, grunt_ogre_cave, tso_metal_star
D:8:      serial_shops, nicolae_shop_stone, uniq_grum, uniq_erica, uniq_maurice
D:9:      uniq_psyche, uniq_erolcha
D:11:     david_lair_generic, minmay_misc_feat_chi,
          nicolae_qazlal_eye_of_the_storm, uniq_urug
D:12:     orc_david_3, minmay_misc_feat_alley, uniq_nessos
D:13:     david_vaults_3, hangedman_abyss_or_decor_stabs, lemuel_tele_altar
D:14:     enter_bailey_3, serial_shops, shop, nicolae_shop_statue_plus,
          kennysheep_big_empty_room
D:15:     grunt_enter_depths_magical_seal, serial_park_gazebo,
          lab_entry_generic, uniq_louise
Temple:   roderic_octagonal_lattice_temple
Lair:1:   minmay_lair_venomous_thicket, infiniplex_staircase_pool,
          lemuel_fruit_tree
Lair:2:   nicolae_spider_entry_non_spiders, hibernation_bobbens,
          grunt_megastairs_2, serial_bayou_shore_a
Lair:3:   cheibrodos_magma_flow
Lair:4:   minmay_swamp_entry_worms, uniq_sonja, uniq_rupert
Lair:5:   infiniplex_staircase_pool_2
Lair:6:   gammafunk_lair_ancient_temple, dpeg_slime_entry_corner
Swamp:1:  portal_ice_cave_entry_pillars_1, evilmike_swamp_ruin_house_2,
          swamp_pool3, nicolae_swamp_trees_clearing, hangedman_swamp_muck
Swamp:2:  evilmike_swamp_ruin_house_3
Swamp:3:  hangedman_swamp_lotus, uniq_roxanne
Swamp:4:  swamp, swamp_pool5, uniq_bai_suzhen
Spider:1: spider_trap, nicolae_spider_ant_collections
Spider:4: guppyfry_spider_rune, uniq_arachne
Orc:1:    basic_altar
Orc:2:    pf_orc_diabolical, serial_shops, shop, uniq_donald
Elf:1:    basic_altar, minivault_28, st_stairs_5, lemuel_flame_loot_1,
          uniq_frances
Elf:2:    serial_shops, nicolae_shop_waterfront, shop, shop, nicolae_shop_stone,
          shop_fountains, grunt_ministairs_4, small_chamber_with_monster,
          evilmike_surprise_oklob
Elf:3:    minmay_elf_hall_furrowed, serial_shops, shop
Vaults:1: v_misc_13, ontoclasm_vaults_pinch, hangedman_vaults_maws,
          nicolae_vaults_arrows, nicolae_vaults_mini_display_case,
          ontoclasm_vaults_claustrophobia, vaults_dpeg_encased_lava,
          vaults_standard_mumra_lines, vaults_room_ringed_pool,
          hangedman_vaults_slice
Vaults:2: hangedman_vaults_snaps, vaults_room_hallway, v_rooms_5, v_misc_12,
          nicolae_vaults_big_angled_halls, nicolae_vaults_triangles,
          nicolae_vaults_circle_grid_a, minmay_crypt_entry_simple_sparse,
          v_misc_24, nicolae_vaults_three_branches, vaults_room_fours,
          serial_shops, nicolae_shop_trees, uniq_jorgrun, uniq_nikola
Vaults:3: v_misc_5, nicolae_vaults_little_squares_2, hangedman_vaults_slice,
          dpeg_vaults_monster_box, ontoclasm_vaults_gateway,
          grunt_vaults_funnel, hangedman_vaults_capsules, vaults_room_pool,
          vaults_dpeg_hooks, serial_shops, nicolae_shop_statue_plus
Vaults:4: nicolae_vaults_network_star, nicolae_vaults_murderbox,
          nicolae_vaults_network_barrier, nicolae_vaults_network_s,
          hangedman_vaults_stream, grunt_vaults_diagonal,
          nicolae_vaults_little_ls, vaults_room_pools, vaults_room_pools
Crypt:1:  basic_altar, uniq_boris
Crypt:2:  serial_sigils, serial_sigils_hangedman_leer,
          serial_sigils_hangedman_scratch, serial_sigils_hangedman_gut,
          serial_sigils_hangedman_clutch
Crypt:3:  evilmike_haunted_forest, uniq_khufu
Tomb:1:   uniq_boris
Tomb:3:   uniq_mara
Depths:1: lightli_too_deep, roderic_lattice_octagonal_star,
          trove_entry_hex_spiral, lightli_fourway_metalbox, minmay_shoptagon,
          uniq_enchantress
Depths:2: thingy_vault, hangedman_decor_opposing, pf_coc_iceberg, abyss_entry,
          minmay_staircase_bubble
Depths:3: angbandy_vault, minivault_14, pf_hell_entry_tar_spiral,
          grunt_pan_entry_sceptre, uniq_mennas
Depths:4: hangedman_elemental_death_ray, abyss_entry, hell_entry,
          nicolae_sextant
Depths:5: evilmike_zot_entry_gauntlet, enter_ziggurat_e, pan_entry,
          grunt_hell_entry_dis_mu, minmay_door_square, abyss_entry
Dis:2:    lemuel_elevator, grunt_megastairs_4
Dis:3:    hangedman_dis_monolith, nicolae_dis_iron_filings
Dis:4:    hangedman_player_shredder
Dis:7:    iron_city_of_dis
Geh:1:    gehenna_fire_generator, nicolae_geh_sunburst
Geh:3:    grunt_megastairs_5
Geh:7:    geh_grunt_pentagon
Coc:7:    coc_grunt
Tar:2:    grunt_deathspiral_small
Tar:4:    nicolae_tar_cuneiform_heaven, lemuel_elevator
Tar:7:    tar_grunt_cathedral
Abyss:1:  evilmike_abyss_exit_10, evilmike_abyss_exit_chaos,
          evilmike_abyss_exit_13, minivault_13
Abyss:2:  evilmike_abyss_exit_12, evilmike_abyss_exit_mutagenic,
          evilmike_abyss_exit_16, minivault_19, due_exit_kobolds,
          evilmike_abyss_exit_7
Abyss:3:  evilmike_abyss_exit_mutagenic, nicolae_abyss_rune_star_stuff,
          guppyfry_abyss_exit_imp_island, serial_sigils_hangedman_shear,
          hangedman_classic_abyss_death, minivault_5, abyss_furniture_001
Abyss:4:  evilmike_abyss_exit_glass, dshaligram_kb_abyss_rune_zappy_water_cross,
          nicolae_abyss_rune_star_stuff, guppyfry_abyss_exit_glass_guarded,
          hangedman_abyss_monster_moat,
          evilmike_nicolae_abyss_rune_containment_curve, bh_abyss_exit_grid,
          hangedman_abyss_exit_choices, minivault_28
Abyss:5:  evilmike_abyss_exit_16, grunt_abyss_rune_wretched_hive
Pan:      evilmike_holy_pan, rand_demon_4, nicolae_pan_cerebovesque_4,
          grunt_pan_sceptre, grunt_pan_zigzag, regret_index_pan_draining_boxed,
          rand_demon_2, evilmike_mini_pan_branches, evilmike_mini_pan_T,
          rand_demon_1, evilmike_mini_pan_T, rand_demon_5, rand_demon_8,
          pan_blood_fountain_small, evilmike_mini_pan_possible_glass,
          evilmike_mini_pan_pillars, nicolae_pan_sigil_obb,
          reaverb_pan_figure_eight, nicolae_pan_lom_lobonic_1, rand_demon_5,
          nicolae_pan_mnolegish_1, evilmike_mini_pan_pillars_b,
          evilmike_mini_pan_thingy, pan_blood_fountain_small,
          nicolae_pan_cerebovesque_2, rand_demon_2, pan_blood_fountain_small,
          evilmike_mini_pan_pillars_b, evilmike_mini_pan_T,
          pan_blood_fountain_small, nicolae_pan_cerebovesque_1,
          nicolae_pan_sick_transit, evilmike_mini_pan_V, pan_blood_fountain_2,
          pan_blood_fountain_small, nicolae_pan_sigil_obb,
          evilmike_mini_pan_thingy, nicolae_pan_sick_transit,
          nicolae_pan_mnolegish_1, rand_demon_3, grunt_pan_pentagram,
          nicolae_pan_diamonds, grunt_pan_in_and_out, pan_blood_fountain_small,
          gloorx_vloq, evilmike_mini_pan_corner, nicolae_pan_strange_glyphs,
          nicolae_pan_gloorx_vloqian_4, evilmike_mini_pan_V, mnoleg, cerebov,
          lemuel_hellion_island, nicolae_pan_gloorx_vloqian_4,
          evilmike_mini_pan_other_thingy, pan_blood_fountain,
          pan_blood_fountain_small, nicolae_pan_mnolegish_2, rand_demon_5,
          grunt_pan_zigzag, evilmike_mini_pan_branches, pan_blood_fountain,
          lom_lobon_st, rand_demon_6, grunt_pan_pentagram
Lab:      nicolae_lab_very_dead_end, nicolae_lab_dead_end, nicolae_lab_stuck,
          nicolae_lab_garden, nicolae_lab_lava, nicolae_lab_swirl,
          labyrinth_glass_1, nicolae_lab_checkerboard
Sewer:    sewer_fruit_machine
Bailey:   bailey_axe_1, bailey
IceCv:    ice_cave_caverns_03

Skill      XL: |  1  2  3  4  5  6  7  8  9 10 11 12 13 14 15 16 17 18 19 20 21 22 23 24 25 26 27 |
---------------+----------------------------------------------------------------------------------+-----
Axes           | 2 |  2.3
Spellcasting   | 1 2 3 4 7 8 10 12 14 17 18 22 | 22.7
Necromancy     | 1 2 4 5 7 10 13 14 16 17 | 17.0
Conjurations   | 4 7 9 13 16 17 18 | 18.4
Invocations    | 5 8 9 12 13 | 13.1
Translocations | 4 6 7 8 |  8.1
Charms         | 1 3 4 6 |  6.0
Dodging        | 4 5 9 12 15 | 15.5
Fighting       | 6 9 11 12 13 14 21 | 21.1
Staves         | 2 10 13 14 | 14.0
Armour         | 3 5 6 9 10 12 | 12.0
Evocations     | 4 7 9 |  9.8
Summonings     | 3 9 10 11 | 11.5
Earth Magic    | 1 4 5 15 | 15.1
Stealth        | 5 7 10 | 10.6
Air Magic      | 2 5 |  5.0
Transmutations | 1 |  1.0

Action                   |  1- 3 |  4- 6 |  7- 9 | 10-12 | 13-15 | 16-18 | 19-21 | 22-24 | 25-27 || total
-------------------------+-------+-------+-------+-------+-------+-------+-------+-------+-------++-------
Melee: Hand axe          |    50 |    72 |    43 |       |       |       |       |       |       ||   165
       Whip              |    57 |       |    39 |       |       |       |       |       |       ||    96
       Dagger            |       |   182 |   215 |       |     8 |       |       |       |       ||   405
       Short sword       |       |       |    45 |   431 |   110 |       |       |       |       ||   586
       Great mace        |       |       |       |       |   102 |       |       |       |     9 ||   111
       Lajatang          |       |       |       |       |   187 |   265 |    31 |   655 |   858 ||  1996
       Quarterstaff      |       |       |       |       |     4 |       |       |       |   250 ||   254
       Staff             |       |       |       |       |       |       |       |    14 |     3 ||    17
 Cast: Corpse Rot        |     5 |     3 |    12 |    29 |    17 |       |       |       |       ||    66
       Dispel Undead     |       |       |     8 |    12 |    42 |   118 |   391 |    49 |   268 ||   888
       Agony             |       |       |    27 |    85 |   112 |   162 |    44 |    37 |    30 ||   497
       Bolt of Draining  |       |       |       |   137 |   470 |   505 |   335 |   650 |   331 ||  2428
       Apportation       |       |       |       |     3 |    27 |    33 |    28 |    41 |   159 ||   291
       Blink             |       |       |       |       |     6 |     7 |    11 |    16 |    32 ||    72
       Passwall          |       |       |       |       |     3 |       |     2 |    10 |    14 ||    29
       Excruciating Woun |       |       |       |       |     1 |       |       |       |       ||     1
       Shroud of Golubri |       |       |       |       |     4 |    11 |     5 |     3 |       ||    23
       Vampiric Draining |       |       |       |       |       |    13 |       |     2 |    26 ||    41
       Passage of Golubr |       |       |       |       |       |     7 |     3 |     6 |    49 ||    65
       Repel Missiles    |       |       |       |       |       |     6 |     2 |     8 |     8 ||    24
       Orb of Destructio |       |       |       |       |       |     7 |    77 |    66 |   137 ||   287
       Cigotuvi's Embrac |       |       |       |       |       |       |       |     7 |    41 ||    48
       Death Channel     |       |       |       |       |       |       |       |    23 |       ||    23
       Aura of Abjuratio |       |       |       |       |       |       |       |     3 |   118 ||   121
       Control Undead    |       |       |       |       |       |       |       |       |    77 ||    77
       Spellforged Servi |       |       |       |       |       |       |       |       |   356 ||   356
       Lehudib's Crystal |       |       |       |       |       |       |       |       |   152 ||   152
       Shadow Creatures  |       |       |       |       |       |       |       |       |     3 ||     3
       Deflect Missiles  |       |       |       |       |       |       |       |       |     2 ||     2
Invok: Depart the Abyss  |     1 |       |       |     1 |       |       |       |       |     4 ||     6
       Bend Space        |       |     1 |       |       |       |       |       |       |       ||     1
       Banish            |       |       |       |     6 |    13 |    20 |       |    19 |    11 ||    69
       Brand Weapon With |       |       |       |       |     1 |       |       |       |       ||     1
       Corrupt           |       |       |       |       |       |       |       |     1 |       ||     1
       Enter the Abyss   |       |       |       |       |       |       |       |       |     4 ||     4
 Abil: Evoke Flight      |       |       |       |       |       |       |       |     1 |     3 ||     4
       No ability        |       |       |       |       |       |       |       |     1 |       ||     1
Evoke: Wand              |       |     4 |     3 |     3 |    17 |    12 |     8 |     7 |     9 ||    63
       Staff of energy   |       |       |       |       |       |       |       |       |   828 ||   828
       Rod               |       |       |       |       |       |       |       |       |     4 ||     4
       Figurine of a zig |       |       |       |       |       |       |       |       |     1 ||     1
       Phantom mirror    |       |       |       |       |       |       |       |       |     1 ||     1
  Use: Scroll            |     8 |     5 |    11 |     8 |    18 |    18 |     9 |    29 |    92 ||   198
 Stab: Paralysed         |       |     7 |       |       |       |       |       |       |     2 ||     9
       Sleeping          |       |       |       |     4 |     1 |       |       |     2 |     6 ||    13
       Distracted        |       |       |       |       |       |       |       |     7 |     9 ||    16
       Betrayed ally     |       |       |       |       |       |       |       |       |     3 ||     3
Armor: Leather armour    |    27 |    89 |   143 |   224 |   304 |    26 |       |       |       ||   813
       Robe              |       |       |       |       |       |    66 |    25 |    15 |       ||   106
       Fire dragon scale |       |       |       |       |       |       |       |   409 |   615 ||  1024
       Troll leather arm |       |       |       |       |       |       |       |       |   133 ||   133
Dodge: Dodged            |    59 |   150 |   197 |   261 |   443 |   193 |    50 |   489 |  1483 ||  3325
       Deflected         |       |       |       |       |       |    13 |    22 |    33 |    43 ||   111
Block: Other             |       |       |       |       |       |       |       |     2 |    50 ||    52

Table legend:
 A = Turns spent in this place as a percentage of turns spent in the entire game.
 B = Non-inter-level travel turns spent in this place as a percentage of non-inter-level travel turns spent in the entire game.
 C = Inter-level travel turns spent in this place as a percentage of turns spent in this place.
 D = Turns resting spent in this place as a percentage of non-inter-level travel turns spent in this place.
 E = Turns spent auto-exploring this place as a percentage of non-inter-level travel turns spent in this place.
 F = Non-inter-level travel turns spent in this place divided by the number of levels of this place that you've seen.
                   A       B       C       D       E      F
               +-------+-------+-------+-------+-------+----------------------
         Total | 100.0 | 100.0 |   0.5 |   2.1 |   0.1 | 401.0
       Dungeon |  16.1 |  16.1 |   1.0 |   0.3 |   0.3 | 673.7
        Temple |   0.2 |   0.2 |   0.8 |   0.0 |   0.0 | 124.0
          Lair |   8.8 |   8.8 |   0.5 |   0.4 |   0.1 | 924.3
         Swamp |   4.6 |   4.6 |   0.5 |   1.3 |   0.4 | 716.2
   Spider Nest |   1.3 |   1.3 |   0.1 |   0.0 |   0.0 | 203.8
    Slime Pits |   1.6 |   1.6 |   1.5 |   4.1 |   0.0 | 205.6
  Orcish Mines |   2.7 |   2.7 |   1.3 |   6.1 |   0.2 | 859.0
   Elven Halls |   5.1 |   5.1 |   0.6 |   4.8 |   0.2 | 1061.0
        Vaults |   9.7 |   9.7 |   0.9 |   7.0 |   0.2 | 1221.4
         Crypt |   4.8 |   4.8 |   0.7 |   4.3 |   0.1 | 1012.7
          Tomb |   3.7 |   3.7 |   0.3 |   3.0 |   0.0 | 783.0
        Depths |   9.1 |   9.1 |   0.6 |   1.5 |   0.2 | 1140.2
          Hell |   0.9 |   0.9 |   0.0 |   0.0 |   0.0 | 590.0
           Dis |   0.9 |   0.9 |   0.0 |   0.7 |   0.0 |  81.9
       Gehenna |   1.0 |   1.0 |   0.0 |   1.0 |   0.0 |  90.0
       Cocytus |   1.0 |   1.0 |   0.0 |   0.0 |   0.0 |  91.3
      Tartarus |   4.3 |   4.3 |   0.0 |   0.0 |   0.0 | 389.0
         Abyss |   7.0 |   7.1 |   0.0 |   2.5 |   0.0 | 164.4
   Pandemonium |  14.4 |  14.5 |   0.0 |   0.1 |   0.0 | 233.8
      Ziggurat |   0.1 |   0.1 |   0.0 |   2.4 |   0.0 |  42.5
     Labyrinth |   0.4 |   0.4 |   0.0 |   0.0 |   0.0 | 277.0
         Sewer |   0.7 |   0.7 |   0.0 |   0.5 |   0.0 | 417.0
        Bailey |   0.3 |   0.3 |   0.0 |   6.4 |   0.0 | 188.0
      Ice Cave |   1.1 |   1.1 |   0.0 |   5.5 |   0.0 | 691.0
               +-------+-------+-------+-------+-------+----------------------

Table legend:
 A = Kills in this place as a percentage of kills in entire the game.
 B = Kills by you in this place as a percentage of kills by you in the entire game.
 C = Kills by friends in this place as a percentage of kills by friends in the entire game.
 D = Other kills in this place as a percentage of other kills in the entire game.
 E = Experience gained in this place as a percentage of experience gained in the entire game.
 F = Experience gained in this place divided by the number of levels of this place that you have seen.
                   A       B       C       D       E      F
               +-------+-------+-------+-------+-------+----------------------
         Total | 100.0 | 100.0 | 100.0 | 100.0 | 100.0 | 14632.0
       Dungeon |  11.7 |  15.4 |   0.0 |   5.3 |   2.9 | 4513.5
          Lair |   6.4 |   8.3 |   0.0 |   8.8 |   2.7 | 10315.7
         Swamp |   4.2 |   5.2 |   0.0 |  19.3 |   3.3 | 19094.0
   Spider Nest |   1.6 |   2.2 |   0.0 |   0.0 |   1.4 | 8316.5
    Slime Pits |   2.2 |   2.9 |   0.0 |   0.0 |   3.7 | 17040.6
  Orcish Mines |   3.9 |   5.0 |   0.0 |   8.8 |   1.2 | 14148.0
   Elven Halls |   4.3 |   5.7 |   0.0 |   0.0 |   6.1 | 46875.3
        Vaults |  12.3 |  16.3 |   0.0 |   1.8 |  16.8 | 77059.4
         Crypt |   5.4 |   7.1 |   0.0 |   0.0 |   7.4 | 56474.7
          Tomb |   5.2 |   6.0 |   2.4 |   3.5 |   8.5 | 65426.0
        Depths |   9.3 |  10.6 |   5.4 |   5.3 |  15.1 | 69178.0
          Hell |   1.4 |   0.3 |   5.3 |   0.0 |   1.1 | 26193.0
           Dis |   1.0 |   0.3 |   3.1 |   8.8 |   0.7 | 2154.9
       Gehenna |   2.0 |   0.3 |   6.9 |  10.5 |   1.2 | 3774.1
       Cocytus |   1.9 |   0.1 |   7.5 |   1.8 |   1.7 | 5564.6
      Tartarus |   5.4 |   1.8 |  16.9 |   8.8 |   6.2 | 20412.4
         Abyss |   5.6 |   6.7 |   1.8 |   7.0 |   5.1 | 4314.7
   Pandemonium |  13.5 |   2.3 |  50.0 |   8.8 |  14.4 | 8461.5
      Ziggurat |   0.2 |   0.0 |   0.7 |   0.0 |   0.1 | 881.0
     Labyrinth |   0.2 |   0.3 |   0.0 |   0.0 |   0.1 | 2930.0
         Sewer |   0.6 |   0.7 |   0.0 |   0.0 |   0.0 |  69.0
        Bailey |   0.8 |   1.0 |   0.0 |   0.0 |   0.1 | 1158.0
      Ice Cave |   1.1 |   1.4 |   0.0 |   1.8 |   0.2 | 5025.0
               +-------+-------+-------+-------+-------+----------------------

Vault maps used:
D:1:      co_arrival_random_square_maze, ashenzari_altar_1
D:3:      lightli_sewer_entry_pipes, first_bread, serial_glass, glass_columns_c,
          glass_columns_a, uniq_sigmund
D:4:      minmay_wonky_spiral, glass_columns_a, st_stairs_8
D:5:      black_bear_nest_1
D:6:      minmay_misc_feat_encased, minmay_misc_feat_ornament, uniq_pikel
D:7:      minmay_opposing_rooms, grunt_ogre_cave, tso_metal_star
D:8:      serial_shops, nicolae_shop_stone, uniq_grum, uniq_erica, uniq_maurice
D:9:      uniq_psyche, uniq_erolcha
D:11:     david_lair_generic, minmay_misc_feat_chi,
          nicolae_qazlal_eye_of_the_storm, uniq_urug
D:12:     orc_david_3, minmay_misc_feat_alley, uniq_nessos
D:13:     david_vaults_3, hangedman_abyss_or_decor_stabs, lemuel_tele_altar
D:14:     enter_bailey_3, serial_shops, shop, nicolae_shop_statue_plus,
          kennysheep_big_empty_room
D:15:     grunt_enter_depths_magical_seal, serial_park_gazebo,
          lab_entry_generic, uniq_louise
Temple:   roderic_octagonal_lattice_temple
Lair:1:   minmay_lair_venomous_thicket, infiniplex_staircase_pool,
          lemuel_fruit_tree
Lair:2:   nicolae_spider_entry_non_spiders, hibernation_bobbens,
          grunt_megastairs_2, serial_bayou_shore_a
Lair:3:   cheibrodos_magma_flow
Lair:4:   minmay_swamp_entry_worms, uniq_sonja, uniq_rupert
Lair:5:   infiniplex_staircase_pool_2
Lair:6:   gammafunk_lair_ancient_temple, dpeg_slime_entry_corner
Swamp:1:  portal_ice_cave_entry_pillars_1, evilmike_swamp_ruin_house_2,
          swamp_pool3, nicolae_swamp_trees_clearing, hangedman_swamp_muck
Swamp:2:  evilmike_swamp_ruin_house_3
Swamp:3:  hangedman_swamp_lotus, uniq_roxanne
Swamp:4:  swamp, swamp_pool5, uniq_bai_suzhen
Spider:1: spider_trap, nicolae_spider_ant_collections
Spider:4: guppyfry_spider_rune, uniq_arachne
Orc:1:    basic_altar
Orc:2:    pf_orc_diabolical, serial_shops, shop, uniq_donald
Elf:1:    basic_altar, minivault_28, st_stairs_5, lemuel_flame_loot_1,
          uniq_frances
Elf:2:    serial_shops, nicolae_shop_waterfront, shop, shop, nicolae_shop_stone,
          shop_fountains, grunt_ministairs_4, small_chamber_with_monster,
          evilmike_surprise_oklob
Elf:3:    minmay_elf_hall_furrowed, serial_shops, shop
Vaults:1: v_misc_13, ontoclasm_vaults_pinch, hangedman_vaults_maws,
          nicolae_vaults_arrows, nicolae_vaults_mini_display_case,
          ontoclasm_vaults_claustrophobia, vaults_dpeg_encased_lava,
          vaults_standard_mumra_lines, vaults_room_ringed_pool,
          hangedman_vaults_slice
Vaults:2: hangedman_vaults_snaps, vaults_room_hallway, v_rooms_5, v_misc_12,
          nicolae_vaults_big_angled_halls, nicolae_vaults_triangles,
          nicolae_vaults_circle_grid_a, minmay_crypt_entry_simple_sparse,
          v_misc_24, nicolae_vaults_three_branches, vaults_room_fours,
          serial_shops, nicolae_shop_trees, uniq_jorgrun, uniq_nikola
Vaults:3: v_misc_5, nicolae_vaults_little_squares_2, hangedman_vaults_slice,
          dpeg_vaults_monster_box, ontoclasm_vaults_gateway,
          grunt_vaults_funnel, hangedman_vaults_capsules, vaults_room_pool,
          vaults_dpeg_hooks, serial_shops, nicolae_shop_statue_plus
Vaults:4: nicolae_vaults_network_star, nicolae_vaults_murderbox,
          nicolae_vaults_network_barrier, nicolae_vaults_network_s,
          hangedman_vaults_stream, grunt_vaults_diagonal,
          nicolae_vaults_little_ls, vaults_room_pools, vaults_room_pools
Crypt:1:  basic_altar, uniq_boris
Crypt:2:  serial_sigils, serial_sigils_hangedman_leer,
          serial_sigils_hangedman_scratch, serial_sigils_hangedman_gut,
          serial_sigils_hangedman_clutch
Crypt:3:  evilmike_haunted_forest, uniq_khufu
Tomb:1:   uniq_boris
Tomb:3:   uniq_mara
Depths:1: lightli_too_deep, roderic_lattice_octagonal_star,
          trove_entry_hex_spiral, lightli_fourway_metalbox, minmay_shoptagon,
          uniq_enchantress
Depths:2: thingy_vault, hangedman_decor_opposing, pf_coc_iceberg, abyss_entry,
          minmay_staircase_bubble
Depths:3: angbandy_vault, minivault_14, pf_hell_entry_tar_spiral,
          grunt_pan_entry_sceptre, uniq_mennas
Depths:4: hangedman_elemental_death_ray, abyss_entry, hell_entry,
          nicolae_sextant
Depths:5: evilmike_zot_entry_gauntlet, enter_ziggurat_e, pan_entry,
          grunt_hell_entry_dis_mu, minmay_door_square, abyss_entry
Dis:2:    lemuel_elevator, grunt_megastairs_4
Dis:3:    hangedman_dis_monolith, nicolae_dis_iron_filings
Dis:4:    hangedman_player_shredder
Dis:7:    iron_city_of_dis
Geh:1:    gehenna_fire_generator, nicolae_geh_sunburst
Geh:3:    grunt_megastairs_5
Geh:7:    geh_grunt_pentagon
Coc:7:    coc_grunt
Tar:2:    grunt_deathspiral_small
Tar:4:    nicolae_tar_cuneiform_heaven, lemuel_elevator
Tar:7:    tar_grunt_cathedral
Abyss:1:  evilmike_abyss_exit_10, evilmike_abyss_exit_chaos,
          evilmike_abyss_exit_13, minivault_13
Abyss:2:  evilmike_abyss_exit_12, evilmike_abyss_exit_mutagenic,
          evilmike_abyss_exit_16, minivault_19, due_exit_kobolds,
          evilmike_abyss_exit_7
Abyss:3:  evilmike_abyss_exit_mutagenic, nicolae_abyss_rune_star_stuff,
          guppyfry_abyss_exit_imp_island, serial_sigils_hangedman_shear,
          hangedman_classic_abyss_death, minivault_5, abyss_furniture_001
Abyss:4:  evilmike_abyss_exit_glass, dshaligram_kb_abyss_rune_zappy_water_cross,
          nicolae_abyss_rune_star_stuff, guppyfry_abyss_exit_glass_guarded,
          hangedman_abyss_monster_moat,
          evilmike_nicolae_abyss_rune_containment_curve, bh_abyss_exit_grid,
          hangedman_abyss_exit_choices, minivault_28
Abyss:5:  evilmike_abyss_exit_16, grunt_abyss_rune_wretched_hive
Pan:      evilmike_holy_pan, rand_demon_4, nicolae_pan_cerebovesque_4,
          grunt_pan_sceptre, grunt_pan_zigzag, regret_index_pan_draining_boxed,
          rand_demon_2, evilmike_mini_pan_branches, evilmike_mini_pan_T,
          rand_demon_1, evilmike_mini_pan_T, rand_demon_5, rand_demon_8,
          pan_blood_fountain_small, evilmike_mini_pan_possible_glass,
          evilmike_mini_pan_pillars, nicolae_pan_sigil_obb,
          reaverb_pan_figure_eight, nicolae_pan_lom_lobonic_1, rand_demon_5,
          nicolae_pan_mnolegish_1, evilmike_mini_pan_pillars_b,
          evilmike_mini_pan_thingy, pan_blood_fountain_small,
          nicolae_pan_cerebovesque_2, rand_demon_2, pan_blood_fountain_small,
          evilmike_mini_pan_pillars_b, evilmike_mini_pan_T,
          pan_blood_fountain_small, nicolae_pan_cerebovesque_1,
          nicolae_pan_sick_transit, evilmike_mini_pan_V, pan_blood_fountain_2,
          pan_blood_fountain_small, nicolae_pan_sigil_obb,
          evilmike_mini_pan_thingy, nicolae_pan_sick_transit,
          nicolae_pan_mnolegish_1, rand_demon_3, grunt_pan_pentagram,
          nicolae_pan_diamonds, grunt_pan_in_and_out, pan_blood_fountain_small,
          gloorx_vloq, evilmike_mini_pan_corner, nicolae_pan_strange_glyphs,
          nicolae_pan_gloorx_vloqian_4, evilmike_mini_pan_V, mnoleg, cerebov,
          lemuel_hellion_island, nicolae_pan_gloorx_vloqian_4,
          evilmike_mini_pan_other_thingy, pan_blood_fountain,
          pan_blood_fountain_small, nicolae_pan_mnolegish_2, rand_demon_5,
          grunt_pan_zigzag, evilmike_mini_pan_branches, pan_blood_fountain,
          lom_lobon_st, rand_demon_6, grunt_pan_pentagram
Lab:      nicolae_lab_very_dead_end, nicolae_lab_dead_end, nicolae_lab_stuck,
          nicolae_lab_garden, nicolae_lab_lava, nicolae_lab_swirl,
          labyrinth_glass_1, nicolae_lab_checkerboard
Sewer:    sewer_fruit_machine
Bailey:   bailey_axe_1, bailey
IceCv:    ice_cave_caverns_03
